Workbook

Sheet 44H
B1: PLANILHA DE CUSTOS E FORMAÇÃO DE PREÇO | D1: LOTE 1 | F1: PLANILHA DE CUSTOS E FORMAÇÃO DE PREÇO | H1: LOTE 2 | J1: PLANILHA DE CUSTOS E FORMAÇÃO DE PREÇO | L1: LOTE 3 | N1: PLANILHA DE CUSTOS E FORMAÇÃO DE PREÇO | P1: LOTE 4
B2: Nº do Processo: | F2: Nº do Processo: | J2: Nº do Processo: | N2: Nº do Processo:
B4: Dados complementares para composição dos custos referente à mão-de-obra | F4: Dados complementares para composição dos custos referente à mão-de-obra | J4: Dados complementares para composição dos custos referente à mão-de-obra | N4: Dados complementares para composição dos custos referente à mão-de-obra
B5: 1 | C5: Tipo de serviço (mesmo serviço com características distintas) | E5: Servente 44h | F5: 1 | G5: Tipo de serviço (mesmo serviço com características distintas) | I5: Servente 44h | J5: 1 | K5: Tipo de serviço (mesmo serviço com características distintas) | M5: Servente 44h | N5: 1 | O5: Tipo de serviço (mesmo serviço com características distintas) | Q5: Servente 44h
B6: 2 | C6: Salário Normativo da Categoria Profissional | E6: 1730.75 | F6: 2 | G6: Salário Normativo da Categoria Profissional | I6: 1730.75 | J6: 2 | K6: Salário Normativo da Categoria Profissional | M6: 1730.75 | N6: 2 | O6: Salário Normativo da Categoria Profissional | Q6: 1730.75
B7: 3 | C7: Categoria profissional (vinculada à execução contratual) | E7: ASG | F7: 3 | G7: Categoria profissional (vinculada à execução contratual) | I7: ASG | J7: 3 | K7: Categoria profissional (vinculada à execução contratual) | M7: ASG | N7: 3 | O7: Categoria profissional (vinculada à execução contratual) | Q7: ASG
B8: 4 | C8: Data base da categoria (dia/mês/ano) | E8: 45775 | F8: 4 | G8: Data base da categoria (dia/mês/ano) | I8: 45775 | J8: 4 | K8: Data base da categoria (dia/mês/ano) | M8: 45775 | N8: 4 | O8: Data base da categoria (dia/mês/ano) | Q8: 45775
B9: 5 | C9: Número de meses de execução contratual: | E9: 30 | F9: 5 | G9: Número de meses de execução contratual: | I9: 30 | J9: 5 | K9: Número de meses de execução contratual: | M9: 30 | N9: 5 | O9: Número de meses de execução contratual: | Q9: 30
B11: Módulo 1 - Composição da Remuneração | D11: (%) | E11: Valor (R$) | F11: Módulo 1 - Composição da Remuneração | H11: (%) | I11: Valor (R$) | J11: Módulo 1 - Composição da Remuneração | L11: (%) | M11: Valor (R$) | N11: Módulo 1 - Composição da Remuneração | P11: (%) | Q11: Valor (R$)
B12: A | C12: Salário-Base | E12: =E6 -> 1730.75 | F12: A | G12: Salário-Base | I12: =I6 -> 1730.75 | J12: A | K12: Salário-Base | M12: =M6 -> 1730.75 | N12: A | O12: Salário-Base | Q12: =Q6 -> 1730.75
B13: B | C13: Adicional de Periculosidade | E13: =$E$12*D13 -> 0 | F13: B | G13: Adicional de Periculosidade | I13: =$E$12*H13 -> 0 | J13: B | K13: Adicional de Periculosidade | M13: =$E$12*L13 -> 0 | N13: B | O13: Adicional de Periculosidade | Q13: =$E$12*P13 -> 0
B14: C | C14: Adicional de Insalubridade | E14: =$E$12*D14 -> 0 | F14: C | G14: Adicional de Insalubridade | I14: =$E$12*H14 -> 0 | J14: C | K14: Adicional de Insalubridade | M14: =$E$12*L14 -> 0 | N14: C | O14: Adicional de Insalubridade | Q14: =$E$12*P14 -> 0
B15: D | C15: Adicional Noturno | E15: =$E$12*D15 -> 0 | F15: D | G15: Adicional Noturno | I15: =$E$12*H15 -> 0 | J15: D | K15: Adicional Noturno | M15: =$E$12*L15 -> 0 | N15: D | O15: Adicional Noturno | Q15: =$E$12*P15 -> 0
B16: E | C16: Adicional de Hora Noturna Reduzida | E16: =$E$12*D16 -> 0 | F16: E | G16: Adicional de Hora Noturna Reduzida | I16: =$E$12*H16 -> 0 | J16: E | K16: Adicional de Hora Noturna Reduzida | M16: =$E$12*L16 -> 0 | N16: E | O16: Adicional de Hora Noturna Reduzida | Q16: =$E$12*P16 -> 0
B17: F | C17: Outros (especificar) | E17: =$E$12*D17 -> 0 | F17: F | G17: Outros (especificar) | I17: =$E$12*H17 -> 0 | J17: F | K17: Outros (especificar) | M17: =$E$12*L17 -> 0 | N17: F | O17: Outros (especificar) | Q17: =$E$12*P17 -> 0
B18: Total | E18: =SUM(E12:E17) -> 1730.75 | F18: Total | I18: =SUM(I12:I17) -> 1730.75 | J18: Total | M18: =SUM(M12:M17) -> 1730.75 | N18: Total | Q18: =SUM(Q12:Q17) -> 1730.75
B20: Módulo 2 - Encargos e Benefícios Anuais, Mensais e Diários | F20: Módulo 2 - Encargos e Benefícios Anuais, Mensais e Diários | J20: Módulo 2 - Encargos e Benefícios Anuais, Mensais e Diários | N20: Módulo 2 - Encargos e Benefícios Anuais, Mensais e Diários
B21: Submódulo 2.1 - 13º (décimo terceiro) Sal ário, Férias e Adicional de Férias | D21: (%) | E21: Valor (R$) | F21: Submódulo 2.1 - 13º (décimo terceiro) Sal ário, Férias e Adicional de Férias | H21: (%) | I21: Valor (R$) | J21: Submódulo 2.1 - 13º (décimo terceiro) Sal ário, Férias e Adicional de Férias | L21: (%) | M21: Valor (R$) | N21: Submódulo 2.1 - 13º (décimo terceiro) Sal ário, Férias e Adicional de Férias | P21: (%) | Q21: Valor (R$)
B22: A | C22: 13º (décimo terceiro) Salário | D22: 0.0833 | E22: =$E$18*D22 -> 144.17147 | F22: A | G22: 13º (décimo terceiro) Salário | H22: 0.0833 | I22: =$E$18*H22 -> 144.17147 | J22: A | K22: 13º (décimo terceiro) Salário | L22: 0.0833 | M22: =$E$18*L22 -> 144.17147 | N22: A | O22: 13º (décimo terceiro) Salário | P22: 0.0833 | Q22: =$E$18*P22 -> 144.17147
B23: B | C23: Férias | D23: 0.0833 | E23: =$E$18*D23 -> 144.17147 | F23: B | G23: Férias | H23: 0.0833 | I23: =$E$18*H23 -> 144.17147 | J23: B | K23: Férias | L23: 0.0833 | M23: =$E$18*L23 -> 144.17147 | N23: B | O23: Férias | P23: 0.0833 | Q23: =$E$18*P23 -> 144.17147
B24: C | C24: Adicional de Férias | D24: 0.0278 | E24: =$E$18*D24 -> 48.11485 | F24: C | G24: Adicional de Férias | H24: 0.0278 | I24: =$E$18*H24 -> 48.11485 | J24: C | K24: Adicional de Férias | L24: 0.0278 | M24: =$E$18*L24 -> 48.11485 | N24: C | O24: Adicional de Férias | P24: 0.0278 | Q24: =$E$18*P24 -> 48.11485
B25: Total | E25: =SUM(E22:E24) -> 336.4578 | F25: Total | I25: =SUM(I22:I24) -> 336.4578 | J25: Total | M25: =SUM(M22:M24) -> 336.4578 | N25: Total | Q25: =SUM(Q22:Q24) -> 336.4578
B26: Submódulo 2.2 - GPS, FGTS e outras contribuições | D26: (%) | E26: Valor (R$) | F26: Submódulo 2.2 - GPS, FGTS e outras contribuições | H26: (%) | I26: Valor (R$) | J26: Submódulo 2.2 - GPS, FGTS e outras contribuições | L26: (%) | M26: Valor (R$) | N26: Submódulo 2.2 - GPS, FGTS e outras contribuições | P26: (%) | Q26: Valor (R$)
B27: A | C27: INSS | D27: 0.2 | E27: =($E$25+$E$18)*$D$27 -> 413.44156 | F27: A | G27: INSS | H27: 0.2 | I27: =($E$25+$E$18)*$D$27 -> 413.44156 | J27: A | K27: INSS | L27: 0.2 | M27: =($E$25+$E$18)*$D$27 -> 413.44156 | N27: A | O27: INSS | P27: 0.2 | Q27: =($E$25+$E$18)*$D$27 -> 413.44156
B28: B | C28: Salário Educação | D28: 0.025 | E28: =($E$25+E18)*D28 -> 51.680195 | F28: B | G28: Salário Educação | H28: 0.025 | I28: =($E$25+I18)*H28 -> 51.680195 | J28: B | K28: Salário Educação | L28: 0.025 | M28: =($E$25+M18)*L28 -> 51.680195 | N28: B | O28: Salário Educação | P28: 0.025 | Q28: =($E$25+Q18)*P28 -> 51.680195
B29: C | C29: SAT | D29: 0.03 | E29: =($E$25+E18)*$D$29 -> 62.016234 | F29: C | G29: SAT | H29: 0.03 | I29: =($E$25+I18)*$D$29 -> 62.016234 | J29: C | K29: SAT | L29: 0.03 | M29: =($E$25+M18)*$D$29 -> 62.016234 | N29: C | O29: SAT | P29: 0.03 | Q29: =($E$25+Q18)*$D$29 -> 62.016234
B30: D | C30: SESC ou SESI | D30: 0.015 | E30: =($E$25+E18)*$D$30 -> 31.008117 | F30: D | G30: SESC ou SESI | H30: 0.015 | I30: =($E$25+I18)*$D$30 -> 31.008117 | J30: D | K30: SESC ou SESI | L30: 0.015 | M30: =($E$25+M18)*$D$30 -> 31.008117 | N30: D | O30: SESC ou SESI | P30: 0.015 | Q30: =($E$25+Q18)*$D$30 -> 31.008117
B31: E | C31: SENAI - SENAC | D31: 0.01 | E31: =($E$25+E18)*$D$31 -> 20.672078 | F31: E | G31: SENAI - SENAC | H31: 0.01 | I31: =($E$25+I18)*$D$31 -> 20.672078 | J31: E | K31: SENAI - SENAC | L31: 0.01 | M31: =($E$25+M18)*$D$31 -> 20.672078 | N31: E | O31: SENAI - SENAC | P31: 0.01 | Q31: =($E$25+Q18)*$D$31 -> 20.672078
B32: F | C32: SEBRAE | D32: 0.006 | E32: =($E$25+E18)*$D$32 -> 12.403247 | F32: F | G32: SEBRAE | H32: 0.006 | I32: =($E$25+I18)*$D$32 -> 12.403247 | J32: F | K32: SEBRAE | L32: 0.006 | M32: =($E$25+M18)*$D$32 -> 12.403247 | N32: F | O32: SEBRAE | P32: 0.006 | Q32: =($E$25+Q18)*$D$32 -> 12.403247
B33: G | C33: INCRA | D33: 0.002 | E33: =($E$25+E18)*$D$33 -> 4.1344156 | F33: G | G33: INCRA | H33: 0.002 | I33: =($E$25+I18)*$D$33 -> 4.1344156 | J33: G | K33: INCRA | L33: 0.002 | M33: =($E$25+M18)*$D$33 -> 4.1344156 | N33: G | O33: INCRA | P33: 0.002 | Q33: =($E$25+Q18)*$D$33 -> 4.1344156
B34: H | C34: FGTS | D34: 0.08 | E34: =($E$25+$E$18)*D34 -> 165.37662 | F34: H | G34: FGTS | H34: 0.08 | I34: =($E$25+$E$18)*H34 -> 165.37662 | J34: H | K34: FGTS | L34: 0.08 | M34: =($E$25+$E$18)*L34 -> 165.37662 | N34: H | O34: FGTS | P34: 0.08 | Q34: =($E$25+$E$18)*P34 -> 165.37662
D35: =SUM(D27:D34) -> 0.368 | H35: =SUM(H27:H34) -> 0.368 | L35: =SUM(L27:L34) -> 0.368 | P35: =SUM(P27:P34) -> 0.368
B36: Total | E36: =SUM(E27:E34) -> 760.73247 | F36: Total | I36: =SUM(I27:I34) -> 760.73247 | J36: Total | M36: =SUM(M27:M34) -> 760.73247 | N36: Total | Q36: =SUM(Q27:Q34) -> 760.73247
B37: Submódulo 2.3 - Benefícios Mensais e Diários. | D37: (%) | E37: Valor (R$) | F37: Submódulo 2.3 - Benefícios Mensais e Diários. | H37: (%) | I37: Valor (R$) | J37: Submódulo 2.3 - Benefícios Mensais e Diários. | L37: (%) | M37: Valor (R$) | N37: Submódulo 2.3 - Benefícios Mensais e Diários. | P37: (%) | Q37: Valor (R$)
B38: 2.3 | C38: Benefícios Mensais e Diários | E38: Valor (R$) | F38: 2.3 | G38: Benefícios Mensais e Diários | I38: Valor (R$) | J38: 2.3 | K38: Benefícios Mensais e Diários | M38: Valor (R$) | N38: 2.3 | O38: Benefícios Mensais e Diários | Q38: Valor (R$)
B39: A | C39: Transporte | D39: 4.7 | E39: =D39*2*26-(E12*6%) -> 140.555 | F39: A | G39: Transporte | H39: 4.7 | I39: =H39*2*26-(I12*6%) -> 140.555 | J39: A | K39: Transporte | L39: 4.7 | M39: =L39*2*26-(M12*6%) -> 140.555 | N39: A | O39: Transporte | P39: 4.7 | Q39: =P39*2*26-(Q12*6%) -> 140.555
B40: B | C40: Auxílio-Refeição/Alimentação | D40: 25 | E40: =D40*22-(25*22*10%) -> 495 | F40: B | G40: Auxílio-Refeição/Alimentação | H40: 25 | I40: =H40*22-(25*22*10%) -> 495 | J40: B | K40: Auxílio-Refeição/Alimentação | L40: 25 | M40: =L40*22-(25*22*10%) -> 495 | N40: B | O40: Auxílio-Refeição/Alimentação | P40: 25 | Q40: =P40*22-(25*22*10%) -> 495
B41: C | C41: Benefício Social e Familiar | E41: 21.6 | F41: C | G41: Benefício Social e Familiar | I41: 21.6 | J41: C | K41: Benefício Social e Familiar | M41: 21.6 | N41: C | O41: Benefício Social e Familiar | Q41: 21.6
B42: D | C42: Outros (especificar) | F42: D | G42: Outros (especificar) | J42: D | K42: Outros (especificar) | N42: D | O42: Outros (especificar)
B43: Total | E43: =SUM(E39,E40,E41) -> 657.155 | F43: Total | I43: =SUM(I39,I40,I41) -> 657.155 | J43: Total | M43: =SUM(M39,M40,M41) -> 657.155 | N43: Total | Q43: =SUM(Q39,Q40,Q41) -> 657.155
B44: Quadro-Resumo do Módulo 2 - Encargos e Benefícios anuais, mensais e diários | E44: Valor (R$) | F44: Quadro-Resumo do Módulo 2 - Encargos e Benefícios anuais, mensais e diários | I44: Valor (R$) | J44: Quadro-Resumo do Módulo 2 - Encargos e Benefícios anuais, mensais e diários | M44: Valor (R$) | N44: Quadro-Resumo do Módulo 2 - Encargos e Benefícios anuais, mensais e diários | Q44: Valor (R$)
B45: 2.1 | C45: 13º (décimo terceiro) Salário, Férias e Adicional de Férias | E45: =E25 -> 336.4578 | F45: 2.1 | G45: 13º (décimo terceiro) Salário, Férias e Adicional de Férias | I45: =I25 -> 336.4578 | J45: 2.1 | K45: 13º (décimo terceiro) Salário, Férias e Adicional de Férias | M45: =M25 -> 336.4578 | N45: 2.1 | O45: 13º (décimo terceiro) Salário, Férias e Adicional de Férias | Q45: =Q25 -> 336.4578
B46: 2.2 | C46: GPS, FGTS e outras contribuições | E46: =E36 -> 760.73247 | F46: 2.2 | G46: GPS, FGTS e outras contribuições | I46: =I36 -> 760.73247 | J46: 2.2 | K46: GPS, FGTS e outras contribuições | M46: =M36 -> 760.73247 | N46: 2.2 | O46: GPS, FGTS e outras contribuições | Q46: =Q36 -> 760.73247
B47: 2.3 | C47: Benefícios Mensais e Diários | E47: =E43 -> 657.155 | F47: 2.3 | G47: Benefícios Mensais e Diários | I47: =I43 -> 657.155 | J47: 2.3 | K47: Benefícios Mensais e Diários | M47: =M43 -> 657.155 | N47: 2.3 | O47: Benefícios Mensais e Diários | Q47: =Q43 -> 657.155
B48: Total | E48: =SUM(E45:E47) -> 1754.3453 | F48: Total | I48: =SUM(I45:I47) -> 1754.3453 | J48: Total | M48: =SUM(M45:M47) -> 1754.3453 | N48: Total | Q48: =SUM(Q45:Q47) -> 1754.3453
B50: Módulo 3 - Provisão para Rescisão | D50: (%) | E50: Valor (R$) | F50: Módulo 3 - Provisão para Rescisão | H50: (%) | I50: Valor (R$) | J50: Módulo 3 - Provisão para Rescisão | L50: (%) | M50: Valor (R$) | N50: Módulo 3 - Provisão para Rescisão | P50: (%) | Q50: Valor (R$)
B51: A | C51: Aviso Prévio Indenizado | D51: =5%/12 -> 0.0041666667 | E51: =($E$18+$E$25)*D51 -> 8.6133658 | F51: A | G51: Aviso Prévio Indenizado | H51: =5%/12 -> 0.0041666667 | I51: =($I$18+$I$25)*H51 -> 8.6133658 | J51: A | K51: Aviso Prévio Indenizado | L51: =5%/12 -> 0.0041666667 | M51: =($M$18+$M$25)*L51 -> 8.6133658 | N51: A | O51: Aviso Prévio Indenizado | P51: =5%/12 -> 0.0041666667 | Q51: =($Q$18+$Q$25)*P51 -> 8.6133658
B52: B | C52: Incidência do FGTS sobre o Aviso Prévio Indenizado | D52: =D51*D34 -> 0.00033333333 | E52: =($E$18+$E$25)*D52 -> 0.68906927 | F52: B | G52: Incidência do FGTS sobre o Aviso Prévio Indenizado | H52: =H51*H34 -> 0.00033333333 | I52: =($I$18+$I$25)*H52 -> 0.68906927 | J52: B | K52: Incidência do FGTS sobre o Aviso Prévio Indenizado | L52: =L51*L34 -> 0.00033333333 | M52: =($M$18+$M$25)*L52 -> 0.68906927 | N52: B | O52: Incidência do FGTS sobre o Aviso Prévio Indenizado | P52: =P51*P34 -> 0.00033333333 | Q52: =($Q$18+$Q$25)*P52 -> 0.68906927
B53: C | C53: Multa do FGTS no Aviso Prévio Indenizado | D53: =(1+2/12+(1/3*1/12))*0.08*0.4*0.05 -> 0.0019111111 | E53: =(E18+E25)*D53 -> 3.9506638 | F53: C | G53: Multa do FGTS no Aviso Prévio Indenizado | H53: =(1+2/12+(1/3*1/12))*0.08*0.4*0.05 -> 0.0019111111 | I53: =(I18+I25)*H53 -> 3.9506638 | J53: C | K53: Multa do FGTS no Aviso Prévio Indenizado | L53: =(1+2/12+(1/3*1/12))*0.08*0.4*0.05 -> 0.0019111111 | M53: =(M18+M25)*L53 -> 3.9506638 | N53: C | O53: Multa do FGTS no Aviso Prévio Indenizado | P53: =(1+2/12+(1/3*1/12))*0.08*0.4*0.05 -> 0.0019111111 | Q53: =(Q18+Q25)*P53 -> 3.9506638
B54: D | C54: Aviso Prévio Trabalhado | D54: =7/30/12 -> 0.019444444 | E54: =($E$18+$E$25)*D54 -> 40.195707 | F54: D | G54: Aviso Prévio Trabalhado | H54: =7/30/12 -> 0.019444444 | I54: =($I$18+$I$25)*H54 -> 40.195707 | J54: D | K54: Aviso Prévio Trabalhado | L54: =7/30/12 -> 0.019444444 | M54: =($M$18+$M$25)*L54 -> 40.195707 | N54: D | O54: Aviso Prévio Trabalhado | P54: =7/30/12 -> 0.019444444 | Q54: =($Q$18+$Q$25)*P54 -> 40.195707
B55: E | C55: Incidência de GPS, FGTS e outras contribuições sobre o APT | D55: =D54*D35 -> 0.0071555556 | E55: =($E$18+$E$25)*D55 -> 14.79202 | F55: E | G55: Incidência de GPS, FGTS e outras contribuições sobre o APT | H55: =H54*H35 -> 0.0071555556 | I55: =($I$18+$I$25)*H55 -> 14.79202 | J55: E | K55: Incidência de GPS, FGTS e outras contribuições sobre o APT | L55: =L54*L35 -> 0.0071555556 | M55: =($M$18+$M$25)*L55 -> 14.79202 | N55: E | O55: Incidência de GPS, FGTS e outras contribuições sobre o APT | P55: =P54*P35 -> 0.0071555556 | Q55: =($Q$18+$Q$25)*P55 -> 14.79202
B56: F | C56: Multa do FGTS sobre o APT | D56: =100%*8%*40%*(1+1/12*1/3+1/12) -> 0.035555556 | E56: =($E$18+$E$25)*D56 -> 73.500722 | F56: F | G56: Multa do FGTS sobre o APT | H56: =100%*8%*40%*(1+1/12*1/3+1/12) -> 0.035555556 | I56: =($I$18+$I$25)*H56 -> 73.500722 | J56: F | K56: Multa do FGTS sobre o APT | L56: =100%*8%*40%*(1+1/12*1/3+1/12) -> 0.035555556 | M56: =($M$18+$M$25)*L56 -> 73.500722 | N56: F | O56: Multa do FGTS sobre o APT | P56: =100%*8%*40%*(1+1/12*1/3+1/12) -> 0.035555556 | Q56: =($Q$18+$Q$25)*P56 -> 73.500722
B57: Total | E57: =SUM(E51:E56) -> 141.74155 | F57: Total | I57: =SUM(I51:I56) -> 141.74155 | J57: Total | M57: =SUM(M51:M56) -> 141.74155 | N57: Total | Q57: =SUM(Q51:Q56) -> 141.74155
B59: Módulo 4 - Custo de Reposição do Profissional Ausente | F59: Módulo 4 - Custo de Reposição do Profissional Ausente | J59: Módulo 4 - Custo de Reposição do Profissional Ausente | N59: Módulo 4 - Custo de Reposição do Profissional Ausente
B60: Submódulo 4.1 - Ausências Legais | D60: Dias de Reposição | E60: Valor (R$) | F60: Submódulo 4.1 - Ausências Legais | H60: Dias de Reposição | I60: Valor (R$) | J60: Submódulo 4.1 - Ausências Legais | L60: Dias de Reposição | M60: Valor (R$) | N60: Submódulo 4.1 - Ausências Legais | P60: Dias de Reposição | Q60: Valor (R$)
B61: A | C61: Substituto na cobertura de Férias (Décimo Terceiro Salário do Substituto) | D61: =(1/12+1/12+1/12/3)/12 -> 0.016203704 | E61: =(E18+E36)*D61 -> 40.371244 | F61: A | G61: Substituto na cobertura de Férias (Décimo Terceiro Salário do Substituto) | H61: =(1/12+1/12+1/12/3)/12 -> 0.016203704 | I61: =(I18+I36)*H61 -> 40.371244 | J61: A | K61: Substituto na cobertura de Férias (Décimo Terceiro Salário do Substituto) | L61: =(1/12+1/12+1/12/3)/12 -> 0.016203704 | M61: =(M18+M36)*L61 -> 40.371244 | N61: A | O61: Substituto na cobertura de Férias (Décimo Terceiro Salário do Substituto) | P61: =(1/12+1/12+1/12/3)/12 -> 0.016203704 | Q61: =(Q18+Q36)*P61 -> 40.371244
B62: B | C62: Substituto na cobertura de Ausências Legais | D62: =(1/30/12) -> 0.0027777778 | E62: =E18*D62 -> 4.8076389 | F62: B | G62: Substituto na cobertura de Ausências Legais | H62: =(1/30/12) -> 0.0027777778 | I62: =I18*H62 -> 4.8076389 | J62: B | K62: Substituto na cobertura de Ausências Legais | L62: =(1/30/12) -> 0.0027777778 | M62: =M18*L62 -> 4.8076389 | N62: B | O62: Substituto na cobertura de Ausências Legais | P62: =(1/30/12) -> 0.0027777778 | Q62: =Q18*P62 -> 4.8076389
B63: C | C63: Substituto na cobertura de Licença Paternidade | D63: =(5/30/12)*0.015 -> 0.00020833333 | E63: =E18*D63 -> 0.36057292 | F63: C | G63: Substituto na cobertura de Licença Paternidade | H63: =(5/30/12)*0.015 -> 0.00020833333 | I63: =I18*H63 -> 0.36057292 | J63: C | K63: Substituto na cobertura de Licença Paternidade | L63: =(5/30/12)*0.015 -> 0.00020833333 | M63: =M18*L63 -> 0.36057292 | N63: C | O63: Substituto na cobertura de Licença Paternidade | P63: =(5/30/12)*0.015 -> 0.00020833333 | Q63: =Q18*P63 -> 0.36057292
B64: D | C64: Substituto na cobertura de Ausência por Acidente de Trabalho | D64: =(1/12)*0.0178 -> 0.0014833333 | E64: =(E18)*D64 -> 2.5672792 | F64: D | G64: Substituto na cobertura de Ausência por Acidente de Trabalho | H64: =(1/12)*0.0178 -> 0.0014833333 | I64: =(I18)*H64 -> 2.5672792 | J64: D | K64: Substituto na cobertura de Ausência por Acidente de Trabalho | L64: =(1/12)*0.0178 -> 0.0014833333 | M64: =(M18)*L64 -> 2.5672792 | N64: D | O64: Substituto na cobertura de Ausência por Acidente de Trabalho | P64: =(1/12)*0.0178 -> 0.0014833333 | Q64: =(Q18)*P64 -> 2.5672792
B65: E | C65: Substituto na cobertura de Afastamento Maternidade | D65: =11.11%*5.28%*50% -> 0.00293304 | E65: =(E18+(1/12+1/12/3)/12+E36)*D65 -> 7.3076449 | F65: E | G65: Substituto na cobertura de Afastamento Maternidade | H65: =11.11%*5.28%*50% -> 0.00293304 | I65: =(I18+(1/12+1/12/3)/12+I36)*H65 -> 7.3076449 | J65: E | K65: Substituto na cobertura de Afastamento Maternidade | L65: =11.11%*5.28%*50% -> 0.00293304 | M65: =(M18+(1/12+1/12/3)/12+M36)*L65 -> 7.3076449 | N65: E | O65: Substituto na cobertura de Afastamento Maternidade | P65: =11.11%*5.28%*50% -> 0.00293304 | Q65: =(Q18+(1/12+1/12/3)/12+Q36)*P65 -> 7.3076449
B66: F | C66: outra substituição (especificar) | D66: 0 | E66: =($E$18+$E$25)*D66 -> 0 | F66: F | G66: outra substituição (especificar) | H66: 0 | I66: =($E$18+$E$25)*H66 -> 0 | J66: F | K66: outra substituição (especificar) | L66: 0 | M66: =($E$18+$E$25)*L66 -> 0 | N66: F | O66: outra substituição (especificar) | P66: 0 | Q66: =($E$18+$E$25)*P66 -> 0
B67: G | C67: Subtotal | D67: =SUM(D61:D66) -> 0.023606188 | F67: G | G67: Subtotal | H67: =SUM(H61:H66) -> 0.023606188 | J67: G | K67: Subtotal | L67: =SUM(L61:L66) -> 0.023606188 | N67: G | O67: Subtotal | P67: =SUM(P61:P66) -> 0.023606188
B68: Total | E68: =SUM(E61:E67) -> 55.41438 | F68: Total | I68: =SUM(I61:I67) -> 55.41438 | J68: Total | M68: =SUM(M61:M67) -> 55.41438 | N68: Total | Q68: =SUM(Q61:Q67) -> 55.41438
B69: Submódulo 4.2 - Intrajornada | D69: (%) | E69: Valor R$ | F69: Submódulo 4.2 - Intrajornada | H69: (%) | I69: Valor R$ | J69: Submódulo 4.2 - Intrajornada | L69: (%) | M69: Valor R$ | N69: Submódulo 4.2 - Intrajornada | P69: (%) | Q69: Valor R$
B70: A | C70: Intervalo para repouso ou alimentação | E70: 0 | F70: A | G70: Intervalo para repouso ou alimentação | I70: 0 | J70: A | K70: Intervalo para repouso ou alimentação | M70: 0 | N70: A | O70: Intervalo para repouso ou alimentação | Q70: 0
B71: Total | F71: Total | J71: Total | N71: Total
B72: Quadro-Resumo do Módulo 4 - Custo de Reposição do Profissional Ausente | E72: Valor R$ | F72: Quadro-Resumo do Módulo 4 - Custo de Reposição do Profissional Ausente | I72: Valor R$ | J72: Quadro-Resumo do Módulo 4 - Custo de Reposição do Profissional Ausente | M72: Valor R$ | N72: Quadro-Resumo do Módulo 4 - Custo de Reposição do Profissional Ausente | Q72: Valor R$
B73: 4.1 | C73: Ausências Legais | E73: =E68 -> 55.41438 | F73: 4.1 | G73: Ausências Legais | I73: =I68 -> 55.41438 | J73: 4.1 | K73: Ausências Legais | M73: =M68 -> 55.41438 | N73: 4.1 | O73: Ausências Legais | Q73: =Q68 -> 55.41438
B74: 4.2 | C74: Intrajornada | E74: =E70 -> 0 | F74: 4.2 | G74: Intrajornada | I74: =I70 -> 0 | J74: 4.2 | K74: Intrajornada | M74: =M70 -> 0 | N74: 4.2 | O74: Intrajornada | Q74: =Q70 -> 0
B75: Total | E75: =SUM(E73:E74) -> 55.41438 | F75: Total | I75: =SUM(I73:I74) -> 55.41438 | J75: Total | M75: =SUM(M73:M74) -> 55.41438 | N75: Total | Q75: =SUM(Q73:Q74) -> 55.41438
B77: Módulo 5 - Insumos Diversos | E77: Valor (R$) | F77: Módulo 5 - Insumos Diversos | I77: Valor (R$) | J77: Módulo 5 - Insumos Diversos | M77: Valor (R$) | N77: Módulo 5 - Insumos Diversos | Q77: Valor (R$)
B78: A | C78: Uniformes e EPIs | E78: ='Uniformes e EPIs'!H14 -> 26.410556 | F78: A | G78: Uniformes e EPIs | I78: ='Uniformes e EPIs'!H14 -> 26.410556 | J78: A | K78: Uniformes e EPIs | M78: ='Uniformes e EPIs'!H14 -> 26.410556 | N78: A | O78: Uniformes e EPIs | Q78: ='Uniformes e EPIs'!H14 -> 26.410556
B79: B | C79: Insumos de materiais | E79: =Insumos!H42 -> 612.33039 | F79: B | G79: Insumos de materiais | I79: =Insumos!P42 -> 704.46492 | J79: B | K79: Insumos de materiais | M79: =Insumos!X42 -> 734.3654 | N79: B | O79: Insumos de materiais | Q79: =Insumos!AF42 -> 591.23931
B80: C | C80: Depreciação de Equipamentos | F80: C | G80: Depreciação de Equipamentos | J80: C | K80: Depreciação de Equipamentos | N80: C | O80: Depreciação de Equipamentos
B81: D | C81: Manutenção de Equipamentos | F81: D | G81: Manutenção de Equipamentos | J81: D | K81: Manutenção de Equipamentos | N81: D | O81: Manutenção de Equipamentos
B82: Total | E82: =SUM(E78:E81) -> 638.74094 | F82: Total | I82: =SUM(I78:I81) -> 730.87548 | J82: Total | M82: =SUM(M78:M81) -> 760.77596 | N82: Total | Q82: =SUM(Q78:Q81) -> 617.64987
B83: TOTAL DOS CUSTOS DIRETOS | E83: =E82+E75+E57+E48+E18 -> 4320.9921 | F83: TOTAL DOS CUSTOS DIRETOS | I83: =I82+I75+I57+I48+I18 -> 4413.1267 | J83: TOTAL DOS CUSTOS DIRETOS | M83: =M82+M75+M57+M48+M18 -> 4443.0272 | N83: TOTAL DOS CUSTOS DIRETOS | Q83: =Q82+Q75+Q57+Q48+Q18 -> 4299.9011
B85: Módulo 6 - Custos Indiretos, Tributos e Lucro | D85: (%) | E85: Valor (R$) | F85: Módulo 6 - Custos Indiretos, Tributos e Lucro | H85: (%) | I85: Valor (R$) | J85: Módulo 6 - Custos Indiretos, Tributos e Lucro | L85: (%) | M85: Valor (R$) | N85: Módulo 6 - Custos Indiretos, Tributos e Lucro | P85: (%) | Q85: Valor (R$)
B86: A | C86: Custos Indiretos | D86: 0.05 | E86: =E83*$D$86 -> 216.04961 | F86: A | G86: Custos Indiretos | H86: 0.05 | I86: =I83*$D$86 -> 220.65633 | J86: A | K86: Custos Indiretos | L86: 0.05 | M86: =M83*$D$86 -> 222.15136 | N86: A | O86: Custos Indiretos | P86: 0.05 | Q86: =Q83*$D$86 -> 214.99505
B87: B | C87: Lucro | D87: 0.1 | E87: =(E83+E86)*$D$87 -> 453.70417 | F87: B | G87: Lucro | H87: 0.1 | I87: =(I83+I86)*$D$87 -> 463.3783 | J87: B | K87: Lucro | L87: 0.1 | M87: =(M83+M86)*$D$87 -> 466.51785 | N87: B | O87: Lucro | P87: 0.1 | Q87: =(Q83+Q86)*$D$87 -> 451.48961
B88: C | C88: Tributos | D88: =SUM(D89:D91) -> 0.1425 | F88: C | G88: Tributos | H88: =SUM(H89:H91) -> 0.1425 | J88: C | K88: Tributos | L88: =SUM(L89:L91) -> 0.1425 | N88: C | O88: Tributos | P88: =SUM(P89:P91) -> 0.1425
B89: C.1 | C89: PIS | D89: 0.0165 | E89: =(E83+E86+E87)/(1-$D$88)*$D$89 -> 96.031846 | F89: C.1 | G89: PIS | H89: 0.0165 | I89: =(I83+I86+I87)/(1-$H$88)*$H$89 -> 98.079489 | J89: C.1 | K89: PIS | L89: 0.0165 | M89: =(M83+M86+M87)/(1-$L$88)*$L$89 -> 98.744012 | N89: C.1 | O89: PIS | P89: 0.0165 | Q89: =(Q83+Q86+Q87)/(1-$P$88)*$P$89 -> 95.563107
B90: C.2 | C90: COFINS | D90: 0.076 | E90: =(E83+E86+E87)/(1-$D$88)*$D$90 -> 442.3285 | F90: C.2 | G90: COFINS | H90: 0.076 | I90: =(I83+I86+I87)/(1-$H$88)*$H$90 -> 451.76007 | J90: C.2 | K90: COFINS | L90: 0.076 | M90: =(M83+M86+M87)/(1-$L$88)*$L$90 -> 454.8209 | N90: C.2 | O90: COFINS | P90: 0.076 | Q90: =(Q83+Q86+Q87)/(1-$P$88)*$P$90 -> 440.16946
B91: C.3 | C91: ISS | D91: 0.05 | E91: =(E83+E86+E87)/(1-$D$88)*$D$91 -> 291.00559 | F91: C.3 | G91: ISS | H91: 0.05 | I91: =(I83+I86+I87)/(1-$H$88)*$H$91 -> 297.21057 | J91: C.3 | K91: ISS | L91: 0.05 | M91: =(M83+M86+M87)/(1-$L$88)*$L$91 -> 299.22428 | N91: C.3 | O91: ISS | P91: 0.05 | Q91: =(Q83+Q86+Q87)/(1-$P$88)*$P$91 -> 289.58517
B92: Total | E92: =SUM(E86:E91) -> 1499.1197 | F92: Total | I92: =SUM(I86:I91) -> 1531.0848 | J92: Total | M92: =SUM(M86:M91) -> 1541.4584 | N92: Total | Q92: =SUM(Q86:Q91) -> 1491.8024
B94: Resumo do Custo por Empregado - Mão de obra vinculada à execução contratual | E94: Valor (R$) | F94: Resumo do Custo por Empregado - Mão de obra vinculada à execução contratual | I94: Valor (R$) | J94: Resumo do Custo por Empregado - Mão de obra vinculada à execução contratual | M94: Valor (R$) | N94: Resumo do Custo por Empregado - Mão de obra vinculada à execução contratual | Q94: Valor (R$)
B95: A | C95: Módulo 1 - Composição da Remuneração | E95: =E18 -> 1730.75 | F95: A | G95: Módulo 1 - Composição da Remuneração | I95: =I18 -> 1730.75 | J95: A | K95: Módulo 1 - Composição da Remuneração | M95: =M18 -> 1730.75 | N95: A | O95: Módulo 1 - Composição da Remuneração | Q95: =Q18 -> 1730.75
B96: B | C96: Módulo 2 - Encargos e Benefícios Anuais, Mensais e Diários | E96: =E48 -> 1754.3453 | F96: B | G96: Módulo 2 - Encargos e Benefícios Anuais, Mensais e Diários | I96: =I48 -> 1754.3453 | J96: B | K96: Módulo 2 - Encargos e Benefícios Anuais, Mensais e Diários | M96: =M48 -> 1754.3453 | N96: B | O96: Módulo 2 - Encargos e Benefícios Anuais, Mensais e Diários | Q96: =Q48 -> 1754.3453
B97: C | C97: Módulo 3 - Provisão para Rescisão | E97: =E57 -> 141.74155 | F97: C | G97: Módulo 3 - Provisão para Rescisão | I97: =I57 -> 141.74155 | J97: C | K97: Módulo 3 - Provisão para Rescisão | M97: =M57 -> 141.74155 | N97: C | O97: Módulo 3 - Provisão para Rescisão | Q97: =Q57 -> 141.74155
B98: D | C98: Módulo 4 - Custo de Reposição do Profissional Ausente | E98: =E68 -> 55.41438 | F98: D | G98: Módulo 4 - Custo de Reposição do Profissional Ausente | I98: =I68 -> 55.41438 | J98: D | K98: Módulo 4 - Custo de Reposição do Profissional Ausente | M98: =M68 -> 55.41438 | N98: D | O98: Módulo 4 - Custo de Reposição do Profissional Ausente | Q98: =Q68 -> 55.41438
B99: E | C99: Módulo 5 - Insumos Diversos | E99: =E82 -> 638.74094 | F99: E | G99: Módulo 5 - Insumos Diversos | I99: =I82 -> 730.87548 | J99: E | K99: Módulo 5 - Insumos Diversos | M99: =M82 -> 760.77596 | N99: E | O99: Módulo 5 - Insumos Diversos | Q99: =Q82 -> 617.64987
B100: Subtotal (A + B + C + D + E) | E100: =SUM(E95:E99) -> 4320.9921 | F100: Subtotal (A + B + C + D + E) | I100: =SUM(I95:I99) -> 4413.1267 | J100: Subtotal (A + B + C + D + E) | M100: =SUM(M95:M99) -> 4443.0272 | N100: Subtotal (A + B + C + D + E) | Q100: =SUM(Q95:Q99) -> 4299.9011
B101: F | C101: Módulo 6 – Custos Indiretos, Tributos e Lucro | E101: =E92 -> 1499.1197 | F101: F | G101: Módulo 6 – Custos Indiretos, Tributos e Lucro | I101: =I92 -> 1531.0848 | J101: F | K101: Módulo 6 – Custos Indiretos, Tributos e Lucro | M101: =M92 -> 1541.4584 | N101: F | O101: Módulo 6 – Custos Indiretos, Tributos e Lucro | Q101: =Q92 -> 1491.8024
B102: VALOR TOTAL POR EMPREGADO | E102: =SUM(E100,E101) -> 5820.1119 | F102: VALOR TOTAL POR EMPREGADO | I102: =SUM(I100,I101) -> 5944.2114 | J102: VALOR TOTAL POR EMPREGADO | M102: =SUM(M100,M101) -> 5984.4856 | N102: VALOR TOTAL POR EMPREGADO | Q102: =SUM(Q100,Q101) -> 5791.7035
G105: 8.61

Sheet 44H+40%
B1: PLANILHA DE CUSTOS E FORMAÇÃO DE PREÇO | D1: ='44H'!D1 -> LOTE 1 | F1: PLANILHA DE CUSTOS E FORMAÇÃO DE PREÇO | H1: ='44H'!H1 -> LOTE 2 | J1: PLANILHA DE CUSTOS E FORMAÇÃO DE PREÇO | L1: ='44H'!L1 -> LOTE 3 | N1: PLANILHA DE CUSTOS E FORMAÇÃO DE PREÇO | P1: ='44H'!P1 -> LOTE 4
B2: Nº do Processo: | F2: Nº do Processo: | J2: Nº do Processo: | N2: Nº do Processo:
B4: Dados complementares para composição dos custos referente à mão-de-obra | F4: Dados complementares para composição dos custos referente à mão-de-obra | J4: Dados complementares para composição dos custos referente à mão-de-obra | N4: Dados complementares para composição dos custos referente à mão-de-obra
B5: 1 | C5: Tipo de serviço (mesmo serviço com características distintas) | E5: Servente 44h com insalubridade 40% | F5: 1 | G5: Tipo de serviço (mesmo serviço com características distintas) | I5: Servente 44h com insalubridade 40% | J5: 1 | K5: Tipo de serviço (mesmo serviço com características distintas) | M5: Servente 44h com insalubridade 40% | N5: 1 | O5: Tipo de serviço (mesmo serviço com características distintas) | Q5: Servente 44h com insalubridade 40%
B6: 2 | C6: Salário Normativo da Categoria Profissional | E6: 1730.75 | F6: 2 | G6: Salário Normativo da Categoria Profissional | I6: 1730.75 | J6: 2 | K6: Salário Normativo da Categoria Profissional | M6: 1730.75 | N6: 2 | O6: Salário Normativo da Categoria Profissional | Q6: 1730.75
B7: 3 | C7: Categoria profissional (vinculada à execução contratual) | E7: ASG | F7: 3 | G7: Categoria profissional (vinculada à execução contratual) | I7: ASG | J7: 3 | K7: Categoria profissional (vinculada à execução contratual) | M7: ASG | N7: 3 | O7: Categoria profissional (vinculada à execução contratual) | Q7: ASG
B8: 4 | C8: Data base da categoria (dia/mês/ano) | E8: 45775 | F8: 4 | G8: Data base da categoria (dia/mês/ano) | I8: 45775 | J8: 4 | K8: Data base da categoria (dia/mês/ano) | M8: 45775 | N8: 4 | O8: Data base da categoria (dia/mês/ano) | Q8: 45775
B9: 5 | C9: Número de meses de execução contratual: | E9: 30 | F9: 5 | G9: Número de meses de execução contratual: | I9: 30 | J9: 5 | K9: Número de meses de execução contratual: | M9: 30 | N9: 5 | O9: Número de meses de execução contratual: | Q9: 30
B11: Módulo 1 - Composição da Remuneração | D11: (%) | E11: Valor (R$) | F11: Módulo 1 - Composição da Remuneração | H11: (%) | I11: Valor (R$) | J11: Módulo 1 - Composição da Remuneração | L11: (%) | M11: Valor (R$) | N11: Módulo 1 - Composição da Remuneração | P11: (%) | Q11: Valor (R$)
B12: A | C12: Salário-Base | E12: =E6 -> 1730.75 | F12: A | G12: Salário-Base | I12: =I6 -> 1730.75 | J12: A | K12: Salário-Base | M12: =M6 -> 1730.75 | N12: A | O12: Salário-Base | Q12: =Q6 -> 1730.75
B13: B | C13: Adicional de Periculosidade | E13: =$E$12*D13 -> 0 | F13: B | G13: Adicional de Periculosidade | I13: =$E$12*H13 -> 0 | J13: B | K13: Adicional de Periculosidade | M13: =$E$12*L13 -> 0 | N13: B | O13: Adicional de Periculosidade | Q13: =$E$12*P13 -> 0
B14: C | C14: Adicional de Insalubridade | D14: 0.4 | E14: =$E$12*D14 -> 692.3 | F14: C | G14: Adicional de Insalubridade | H14: 0.4 | I14: =$E$12*H14 -> 692.3 | J14: C | K14: Adicional de Insalubridade | L14: 0.4 | M14: =$E$12*L14 -> 692.3 | N14: C | O14: Adicional de Insalubridade | P14: 0.4 | Q14: =$E$12*P14 -> 692.3
B15: D | C15: Outros (especificar) | E15: =$E$12*D15 -> 0 | F15: D | G15: Outros (especificar) | I15: =$E$12*H15 -> 0 | J15: D | K15: Outros (especificar) | M15: =$E$12*L15 -> 0 | N15: D | O15: Outros (especificar) | Q15: =$E$12*P15 -> 0
B16: Total | E16: =SUM(E12:E15) -> 2423.05 | F16: Total | I16: =SUM(I12:I15) -> 2423.05 | J16: Total | M16: =SUM(M12:M15) -> 2423.05 | N16: Total | Q16: =SUM(Q12:Q15) -> 2423.05
B18: Módulo 2 - Encargos e Benefícios Anuais, Mensais e Diários | F18: Módulo 2 - Encargos e Benefícios Anuais, Mensais e Diários | J18: Módulo 2 - Encargos e Benefícios Anuais, Mensais e Diários | N18: Módulo 2 - Encargos e Benefícios Anuais, Mensais e Diários
B19: Submódulo 2.1 - 13º (décimo terceiro) Sal ário, Férias e Adicional de Férias | F19: Submódulo 2.1 - 13º (décimo terceiro) Sal ário, Férias e Adicional de Férias | J19: Submódulo 2.1 - 13º (décimo terceiro) Sal ário, Férias e Adicional de Férias | N19: Submódulo 2.1 - 13º (décimo terceiro) Sal ário, Férias e Adicional de Férias
B20: 2.1 | C20: 13º (décimo terceiro) Salário, Férias e Adicional de Férias | D20: (%) | E20: Valor (R$) | F20: 2.1 | G20: 13º (décimo terceiro) Salário, Férias e Adicional de Férias | H20: (%) | I20: Valor (R$) | J20: 2.1 | K20: 13º (décimo terceiro) Salário, Férias e Adicional de Férias | L20: (%) | M20: Valor (R$) | N20: 2.1 | O20: 13º (décimo terceiro) Salário, Férias e Adicional de Férias | P20: (%) | Q20: Valor (R$)
B21: A | C21: 13º (décimo terceiro) Salário | D21: 0.0833 | E21: =$E$16*D21 -> 201.84007 | F21: A | G21: 13º (décimo terceiro) Salário | H21: 0.0833 | I21: =$E$16*H21 -> 201.84007 | J21: A | K21: 13º (décimo terceiro) Salário | L21: 0.0833 | M21: =$E$16*L21 -> 201.84007 | N21: A | O21: 13º (décimo terceiro) Salário | P21: 0.0833 | Q21: =$E$16*P21 -> 201.84007
B22: B | C22: Férias | D22: 0.0833 | E22: =$E$16*D22 -> 201.84007 | F22: B | G22: Férias | H22: 0.0833 | I22: =$E$16*H22 -> 201.84007 | J22: B | K22: Férias | L22: 0.0833 | M22: =$E$16*L22 -> 201.84007 | N22: B | O22: Férias | P22: 0.0833 | Q22: =$E$16*P22 -> 201.84007
B23: C | C23: Adicional de Férias | D23: 0.0278 | E23: =$E$16*D23 -> 67.36079 | F23: C | G23: Adicional de Férias | H23: 0.0278 | I23: =$E$16*H23 -> 67.36079 | J23: C | K23: Adicional de Férias | L23: 0.0278 | M23: =$E$16*L23 -> 67.36079 | N23: C | O23: Adicional de Férias | P23: 0.0278 | Q23: =$E$16*P23 -> 67.36079
B24: Total | E24: =SUM(E21:E23) -> 471.04092 | F24: Total | I24: =SUM(I21:I23) -> 471.04092 | J24: Total | M24: =SUM(M21:M23) -> 471.04092 | N24: Total | Q24: =SUM(Q21:Q23) -> 471.04092
B25: 2.2 | C25: GPS, FGTS e outras contribuições | D25: (%) | E25: Valor (R$) | F25: 2.2 | G25: GPS, FGTS e outras contribuições | H25: (%) | I25: Valor (R$) | J25: 2.2 | K25: GPS, FGTS e outras contribuições | L25: (%) | M25: Valor (R$) | N25: 2.2 | O25: GPS, FGTS e outras contribuições | P25: (%) | Q25: Valor (R$)
B26: A | C26: INSS | D26: 0.2 | E26: =($E$24+$E$16)*$D$26 -> 578.81818 | F26: A | G26: INSS | H26: 0.2 | I26: =($I$24+$I$16)*D26 -> 578.81818 | J26: A | K26: INSS | L26: 0.2 | M26: =($M$16+$M$24)*L26 -> 578.81818 | N26: A | O26: INSS | P26: 0.2 | Q26: =($Q$24+$Q$16)*P26 -> 578.81818
B27: B | C27: Salário Educação | D27: 0.025 | E27: =($E$24+E16)*D27 -> 72.352273 | F27: B | G27: Salário Educação | H27: 0.025 | I27: =($I$24+$I$16)*D27 -> 72.352273 | J27: B | K27: Salário Educação | L27: 0.025 | M27: =($M$16+$M$24)*L27 -> 72.352273 | N27: B | O27: Salário Educação | P27: 0.025 | Q27: =($Q$24+$Q$16)*P27 -> 72.352273
B28: C | C28: SAT | D28: 0.03 | E28: =($E$24+E16)*$D$28 -> 86.822728 | F28: C | G28: SAT | H28: 0.03 | I28: =($I$24+$I$16)*D28 -> 86.822728 | J28: C | K28: SAT | L28: 0.03 | M28: =($M$16+$M$24)*L28 -> 86.822728 | N28: C | O28: SAT | P28: 0.03 | Q28: =($Q$24+$Q$16)*P28 -> 86.822728
B29: D | C29: SESC ou SESI | D29: 0.015 | E29: =($E$24+E16)*$D$29 -> 43.411364 | F29: D | G29: SESC ou SESI | H29: 0.015 | I29: =($I$24+$I$16)*D29 -> 43.411364 | J29: D | K29: SESC ou SESI | L29: 0.015 | M29: =($M$16+$M$24)*L29 -> 43.411364 | N29: D | O29: SESC ou SESI | P29: 0.015 | Q29: =($Q$24+$Q$16)*P29 -> 43.411364
B30: E | C30: SENAI - SENAC | D30: 0.01 | E30: =($E$24+E16)*$D$30 -> 28.940909 | F30: E | G30: SENAI - SENAC | H30: 0.01 | I30: =($I$24+$I$16)*D30 -> 28.940909 | J30: E | K30: SENAI - SENAC | L30: 0.01 | M30: =($M$16+$M$24)*L30 -> 28.940909 | N30: E | O30: SENAI - SENAC | P30: 0.01 | Q30: =($Q$24+$Q$16)*P30 -> 28.940909
B31: F | C31: SEBRAE | D31: 0.006 | E31: =($E$24+E16)*$D$31 -> 17.364546 | F31: F | G31: SEBRAE | H31: 0.006 | I31: =($I$24+$I$16)*D31 -> 17.364546 | J31: F | K31: SEBRAE | L31: 0.006 | M31: =($M$16+$M$24)*L31 -> 17.364546 | N31: F | O31: SEBRAE | P31: 0.006 | Q31: =($Q$24+$Q$16)*P31 -> 17.364546
B32: G | C32: INCRA | D32: 0.002 | E32: =($E$24+E16)*$D$32 -> 5.7881818 | F32: G | G32: INCRA | H32: 0.002 | I32: =($I$24+$I$16)*D32 -> 5.7881818 | J32: G | K32: INCRA | L32: 0.002 | M32: =($M$16+$M$24)*L32 -> 5.7881818 | N32: G | O32: INCRA | P32: 0.002 | Q32: =($Q$24+$Q$16)*P32 -> 5.7881818
B33: H | C33: FGTS | D33: 0.08 | E33: =($E$24+$E$16)*D33 -> 231.52727 | F33: H | G33: FGTS | H33: 0.08 | I33: =($I$24+$I$16)*D33 -> 231.52727 | J33: H | K33: FGTS | L33: 0.08 | M33: =($M$16+$M$24)*L33 -> 231.52727 | N33: H | O33: FGTS | P33: 0.08 | Q33: =($Q$24+$Q$16)*P33 -> 231.52727
B34: Total | D34: =SUM(D26:D33) -> 0.368 | E34: =SUM(E26:E33) -> 1065.0255 | F34: Total | H34: =SUM(H26:H33) -> 0.368 | I34: =($I$24+$I$16)*D34 -> 1065.0255 | J34: Total | L34: =SUM(L26:L33) -> 0.368 | M34: =SUM(M26:M33) -> 1065.0255 | N34: Total | P34: =SUM(P26:P33) -> 0.368 | Q34: =($Q$24+$Q$16)*P34 -> 1065.0255
B35: Nota: Os percentuais dos encargos previdenciários, do FGTS e demais contribuições são aqueles estabelecidos pela legislação vigente. | F35: Nota: Os percentuais dos encargos previdenciários, do FGTS e demais contribuições são aqueles estabelecidos pela legislação vigente. | J35: Nota: Os percentuais dos encargos previdenciários, do FGTS e demais contribuições são aqueles estabelecidos pela legislação vigente. | N35: Nota: Os percentuais dos encargos previdenciários, do FGTS e demais contribuições são aqueles estabelecidos pela legislação vigente.
B36: Submódulo 2.3 - Benefícios Mensais e Diários. | F36: Submódulo 2.3 - Benefícios Mensais e Diários. | J36: Submódulo 2.3 - Benefícios Mensais e Diários. | N36: Submódulo 2.3 - Benefícios Mensais e Diários.
B37: 2.3 | C37: Benefícios Mensais e Diários | E37: Valor (R$) | F37: 2.3 | G37: Benefícios Mensais e Diários | I37: Valor (R$) | J37: 2.3 | K37: Benefícios Mensais e Diários | M37: Valor (R$) | N37: 2.3 | O37: Benefícios Mensais e Diários | Q37: Valor (R$)
B38: A | C38: Transporte | D38: 4.7 | E38: =D38*2*26-(E12*6%) -> 140.555 | F38: A | G38: Transporte | H38: 4.7 | I38: =H38*2*26-(I12*6%) -> 140.555 | J38: A | K38: Transporte | L38: 4.7 | M38: =L38*2*26-(M12*6%) -> 140.555 | N38: A | O38: Transporte | P38: 4.7 | Q38: =P38*2*26-(Q12*6%) -> 140.555
B39: B | C39: Auxílio-Refeição/Alimentação | D39: 25 | E39: =D39*22-(D39*22*10%) -> 495 | F39: B | G39: Auxílio-Refeição/Alimentação | H39: 25 | I39: =H39*22-(H39*22*10%) -> 495 | J39: B | K39: Auxílio-Refeição/Alimentação | L39: 25 | M39: =L39*22-(L39*22*10%) -> 495 | N39: B | O39: Auxílio-Refeição/Alimentação | P39: 25 | Q39: =P39*22-(P39*22*10%) -> 495
B40: C | C40: Benefício Social e Familiar | E40: 21.6 | F40: C | G40: Benefício Social e Familiar | I40: 21.6 | J40: C | K40: Benefício Social e Familiar | M40: 21.6 | N40: C | O40: Benefício Social e Familiar | Q40: 21.6
B41: D | C41: Outros (especificar) | F41: D | G41: Outros (especificar) | J41: D | K41: Outros (especificar) | N41: D | O41: Outros (especificar)
B42: Total | E42: =SUM(E38,E39,E40) -> 657.155 | F42: Total | I42: =SUM(I38,I39,I40) -> 657.155 | J42: Total | M42: =SUM(M38,M39,M40) -> 657.155 | N42: Total | Q42: =SUM(Q38,Q39,Q40) -> 657.155
B43: Quadro-Resumo do Módulo 2 - Encargos e Benefícios anuais, mensais e diários | F43: Quadro-Resumo do Módulo 2 - Encargos e Benefícios anuais, mensais e diários | J43: Quadro-Resumo do Módulo 2 - Encargos e Benefícios anuais, mensais e diários | N43: Quadro-Resumo do Módulo 2 - Encargos e Benefícios anuais, mensais e diários
B44: 2 | C44: Encargos e Benefícios Anuais, Mensais e Diários | E44: Valor (R$) | F44: 2 | G44: Encargos e Benefícios Anuais, Mensais e Diários | I44: Valor (R$) | J44: 2 | K44: Encargos e Benefícios Anuais, Mensais e Diários | M44: Valor (R$) | N44: 2 | O44: Encargos e Benefícios Anuais, Mensais e Diários | Q44: Valor (R$)
B45: 2.1 | C45: 13º (décimo terceiro) Salário, Férias e Adicional de Férias | E45: =E24 -> 471.04092 | F45: 2.1 | G45: 13º (décimo terceiro) Salário, Férias e Adicional de Férias | I45: =I24 -> 471.04092 | J45: 2.1 | K45: 13º (décimo terceiro) Salário, Férias e Adicional de Férias | M45: =M24 -> 471.04092 | N45: 2.1 | O45: 13º (décimo terceiro) Salário, Férias e Adicional de Férias | Q45: =Q24 -> 471.04092
B46: 2.2 | C46: GPS, FGTS e outras contribuições | E46: =E34 -> 1065.0255 | F46: 2.2 | G46: GPS, FGTS e outras contribuições | I46: =I34 -> 1065.0255 | J46: 2.2 | K46: GPS, FGTS e outras contribuições | M46: =M34 -> 1065.0255 | N46: 2.2 | O46: GPS, FGTS e outras contribuições | Q46: =Q34 -> 1065.0255
B47: 2.3 | C47: Benefícios Mensais e Diários | E47: =E42 -> 657.155 | F47: 2.3 | G47: Benefícios Mensais e Diários | I47: =I42 -> 657.155 | J47: 2.3 | K47: Benefícios Mensais e Diários | M47: =M42 -> 657.155 | N47: 2.3 | O47: Benefícios Mensais e Diários | Q47: =Q42 -> 657.155
B48: Total | E48: =SUM(E45:E47) -> 2193.2214 | F48: Total | I48: =SUM(I45:I47) -> 2193.2214 | J48: Total | M48: =SUM(M45:M47) -> 2193.2214 | N48: Total | Q48: =SUM(Q45:Q47) -> 2193.2214
B50: Módulo 3 - Provisão para Rescisão | D50: (%) | E50: Valor (R$) | F50: Módulo 3 - Provisão para Rescisão | H50: (%) | I50: Valor (R$) | J50: Módulo 3 - Provisão para Rescisão | L50: (%) | M50: Valor (R$) | N50: Módulo 3 - Provisão para Rescisão | P50: (%) | Q50: Valor (R$)
B51: 3 | C51: Provisão para Rescisão | D51: (%) | E51: Valor (R$) | F51: 3 | G51: Provisão para Rescisão | H51: (%) | I51: Valor (R$) | J51: 3 | K51: Provisão para Rescisão | L51: (%) | M51: Valor (R$) | N51: 3 | O51: Provisão para Rescisão | P51: (%) | Q51: Valor (R$)
B52: A | C52: Aviso Prévio Indenizado | D52: =5%/12 -> 0.0041666667 | E52: =($E$16+$E$24)*D52 -> 12.058712 | F52: A | G52: Aviso Prévio Indenizado | H52: =5%/12 -> 0.0041666667 | I52: =($I$16+$I$24)*H52 -> 12.058712 | J52: A | K52: Aviso Prévio Indenizado | L52: =5%/12 -> 0.0041666667 | M52: =($M$16+$M$24)*L52 -> 12.058712 | N52: A | O52: Aviso Prévio Indenizado | P52: =5%/12 -> 0.0041666667 | Q52: =($Q$16+$Q$24)*P52 -> 12.058712
B53: B | C53: Incidência do FGTS sobre o Aviso Prévio Indenizado | D53: =D52*D33 -> 0.00033333333 | E53: =($E$16+$E$24)*D53 -> 0.96469697 | F53: B | G53: Incidência do FGTS sobre o Aviso Prévio Indenizado | H53: =H52*H33 -> 0.00033333333 | I53: =($I$16+$I$24)*H53 -> 0.96469697 | J53: B | K53: Incidência do FGTS sobre o Aviso Prévio Indenizado | L53: =L52*L33 -> 0.00033333333 | M53: =($M$16+$M$24)*L53 -> 0.96469697 | N53: B | O53: Incidência do FGTS sobre o Aviso Prévio Indenizado | P53: =P52*P33 -> 0.00033333333 | Q53: =($Q$16+$Q$24)*P53 -> 0.96469697
B54: C | C54: Multa do FGTS no Aviso Prévio Indenizado | D54: =(1+2/12+(1/3*1/12))*0.08*0.4*0.05 -> 0.0019111111 | E54: =(E16+E24)*D54 -> 5.5309293 | F54: C | G54: Multa do FGTS no Aviso Prévio Indenizado | H54: =(1+2/12+(1/3*1/12))*0.08*0.4*0.05 -> 0.0019111111 | I54: =(I16+I24)*H54 -> 5.5309293 | J54: C | K54: Multa do FGTS no Aviso Prévio Indenizado | L54: =(1+2/12+(1/3*1/12))*0.08*0.4*0.05 -> 0.0019111111 | M54: =(M16+M24)*L54 -> 5.5309293 | N54: C | O54: Multa do FGTS no Aviso Prévio Indenizado | P54: =(1+2/12+(1/3*1/12))*0.08*0.4*0.05 -> 0.0019111111 | Q54: =(Q16+Q24)*P54 -> 5.5309293
B55: D | C55: Aviso Prévio Trabalhado | D55: =7/30/12 -> 0.019444444 | E55: =($E$16+$E$24)*D55 -> 56.27399 | F55: D | G55: Aviso Prévio Trabalhado | H55: =7/30/12 -> 0.019444444 | I55: =($I$16+$I$24)*H55 -> 56.27399 | J55: D | K55: Aviso Prévio Trabalhado | L55: =7/30/12 -> 0.019444444 | M55: =($M$16+$M$24)*L55 -> 56.27399 | N55: D | O55: Aviso Prévio Trabalhado | P55: =7/30/12 -> 0.019444444 | Q55: =($Q$16+$Q$24)*P55 -> 56.27399
B56: E | C56: Incidência de GPS, FGTS e outras contribuições sobre o APT | D56: =D55*D34 -> 0.0071555556 | E56: =($E$16+$E$24)*D56 -> 20.708828 | F56: E | G56: Incidência de GPS, FGTS e outras contribuições sobre o APT | H56: =H55*H34 -> 0.0071555556 | I56: =($I$16+$I$24)*H56 -> 20.708828 | J56: E | K56: Incidência de GPS, FGTS e outras contribuições sobre o APT | L56: =L55*L34 -> 0.0071555556 | M56: =($M$16+$M$24)*L56 -> 20.708828 | N56: E | O56: Incidência de GPS, FGTS e outras contribuições sobre o APT | P56: =P55*P34 -> 0.0071555556 | Q56: =($Q$16+$Q$24)*P56 -> 20.708828
B57: F | C57: Multa do FGTS sobre o APT | D57: =100%*8%*40%*(1+1/12*1/3+1/12) -> 0.035555556 | E57: =($E$16+$E$24)*D57 -> 102.90101 | F57: F | G57: Multa do FGTS sobre o APT | H57: =100%*8%*40%*(1+1/12*1/3+1/12) -> 0.035555556 | I57: =($I$16+$I$24)*H57 -> 102.90101 | J57: F | K57: Multa do FGTS sobre o APT | L57: =100%*8%*40%*(1+1/12*1/3+1/12) -> 0.035555556 | M57: =($M$16+$M$24)*L57 -> 102.90101 | N57: F | O57: Multa do FGTS sobre o APT | P57: =100%*8%*40%*(1+1/12*1/3+1/12) -> 0.035555556 | Q57: =($Q$16+$Q$24)*P57 -> 102.90101
B58: Total | E58: =SUM(E52:E57) -> 198.43817 | F58: Total | I58: =SUM(I52:I57) -> 198.43817 | J58: Total | M58: =SUM(M52:M57) -> 198.43817 | N58: Total | Q58: =SUM(Q52:Q57) -> 198.43817
B60: Módulo 4 - Custo de Reposição do Profissional Ausente | F60: Módulo 4 - Custo de Reposição do Profissional Ausente | J60: Módulo 4 - Custo de Reposição do Profissional Ausente | N60: Módulo 4 - Custo de Reposição do Profissional Ausente
B61: Submódulo 4.1 - Ausências Legais | F61: Submódulo 4.1 - Ausências Legais | J61: Submódulo 4.1 - Ausências Legais | N61: Submódulo 4.1 - Ausências Legais
B62: 4.1 | C62: Ausências Legais | D62: Dias de Reposição | E62: Valor (R$) | F62: 4.1 | G62: Ausências Legais | H62: Dias de Reposição | I62: Valor (R$) | J62: 4.1 | K62: Ausências Legais | L62: Dias de Reposição | M62: Valor (R$) | N62: 4.1 | O62: Ausências Legais | P62: Dias de Reposição | Q62: Valor (R$)
B63: A | C63: Substituto na cobertura de Férias (Décimo Terceiro Salário do Substituto) | D63: =(1/12+1/12+1/12/3)/12 -> 0.016203704 | E63: =(E16+E34)*D63 -> 56.519741 | F63: A | G63: Substituto na cobertura de Férias (Décimo Terceiro Salário do Substituto) | H63: =(1/12+1/12+1/12/3)/12 -> 0.016203704 | I63: =(I16+I34)*H63 -> 56.519741 | J63: A | K63: Substituto na cobertura de Férias (Décimo Terceiro Salário do Substituto) | L63: =(1/12+1/12+1/12/3)/12 -> 0.016203704 | M63: =(M16+M34)*L63 -> 56.519741 | N63: A | O63: Substituto na cobertura de Férias (Décimo Terceiro Salário do Substituto) | P63: =(1/12+1/12+1/12/3)/12 -> 0.016203704 | Q63: =(Q16+Q34)*P63 -> 56.519741
B64: B | C64: Substituto na cobertura de Ausências Legais | D64: =(1/30/12) -> 0.0027777778 | E64: =E16*D64 -> 6.7306944 | F64: B | G64: Substituto na cobertura de Ausências Legais | H64: =(1/30/12) -> 0.0027777778 | I64: =I16*H64 -> 6.7306944 | J64: B | K64: Substituto na cobertura de Ausências Legais | L64: =(1/30/12) -> 0.0027777778 | M64: =M16*L64 -> 6.7306944 | N64: B | O64: Substituto na cobertura de Ausências Legais | P64: =(1/30/12) -> 0.0027777778 | Q64: =Q16*P64 -> 6.7306944
B65: C | C65: Substituto na cobertura de Licença Paternidade | D65: =(5/30/12)*0.015 -> 0.00020833333 | E65: =E16*D65 -> 0.50480208 | F65: C | G65: Substituto na cobertura de Licença Paternidade | H65: =(5/30/12)*0.015 -> 0.00020833333 | I65: =($E$16+$E$24)*H65 -> 0.60293561 | J65: C | K65: Substituto na cobertura de Licença Paternidade | L65: =(5/30/12)*0.015 -> 0.00020833333 | M65: =($E$16+$E$24)*L65 -> 0.60293561 | N65: C | O65: Substituto na cobertura de Licença Paternidade | P65: =(5/30/12)*0.015 -> 0.00020833333 | Q65: =($E$16+$E$24)*P65 -> 0.60293561
B66: D | C66: Substituto na cobertura de Ausência por Acidente de Trabalho | D66: =(1/12)*0.0178 -> 0.0014833333 | E66: =E16*D66 -> 3.5941908 | F66: D | G66: Substituto na cobertura de Ausência por Acidente de Trabalho | H66: =(1/12)*0.0178 -> 0.0014833333 | I66: =I16*H66 -> 3.5941908 | J66: D | K66: Substituto na cobertura de Ausência por Acidente de Trabalho | L66: =(1/12)*0.0178 -> 0.0014833333 | M66: =M16*L66 -> 3.5941908 | N66: D | O66: Substituto na cobertura de Ausência por Acidente de Trabalho | P66: =(1/12)*0.0178 -> 0.0014833333 | Q66: =Q16*P66 -> 3.5941908
B67: E | C67: Substituto na cobertura de Afastamento Maternidade | D67: =11.11%*5.28%*50% -> 0.00293304 | E67: =(E16+(1/12+1/12/3)/12+E34)*D67 -> 10.230692 | F67: E | G67: Substituto na cobertura de Afastamento Maternidade | H67: =11.11%*5.28%*50% -> 0.00293304 | I67: =(I16+(1/12+1/12/3)/12+I34)*H67 -> 10.230692 | J67: E | K67: Substituto na cobertura de Afastamento Maternidade | L67: =11.11%*5.28%*50% -> 0.00293304 | M67: =(M16+(1/12+1/12/3)/12+M34)*L67 -> 10.230692 | N67: E | O67: Substituto na cobertura de Afastamento Maternidade | P67: =11.11%*5.28%*50% -> 0.00293304 | Q67: =(Q16+(1/12+1/12/3)/12+Q34)*P67 -> 10.230692
B68: F | C68: outra substituição (especificar) | F68: F | G68: outra substituição (especificar) | J68: F | K68: outra substituição (especificar) | N68: F | O68: outra substituição (especificar)
B69: G | C69: Subtotal | D69: =SUM(D63:D68) -> 0.023606188 | F69: G | G69: Subtotal | H69: =SUM(H63:H68) -> 0.023606188 | J69: G | K69: Subtotal | L69: =SUM(L63:L68) -> 0.023606188 | N69: G | O69: Subtotal | P69: =SUM(P63:P68) -> 0.023606188
B70: Total | E70: =SUM(E63:E69) -> 77.580121 | F70: Total | I70: =SUM(I63:I69) -> 77.678254 | J70: Total | M70: =SUM(M63:M69) -> 77.678254 | N70: Total | Q70: =SUM(Q63:Q69) -> 77.678254
B71: Submódulo 4.2 - Intrajornada | F71: Submódulo 4.2 - Intrajornada | J71: Submódulo 4.2 - Intrajornada | N71: Submódulo 4.2 - Intrajornada
B72: 4.2 | C72: Intrajornada | D72: Valor R$ | F72: 4.2 | G72: Intrajornada | H72: Valor R$ | J72: 4.2 | K72: Intrajornada | L72: Valor R$ | N72: 4.2 | O72: Intrajornada | P72: Valor R$
B73: A | C73: Intervalo para repouso ou alimentação | E73: 0 | F73: A | G73: Intervalo para repouso ou alimentação | I73: 0 | J73: A | K73: Intervalo para repouso ou alimentação | M73: 0 | N73: A | O73: Intervalo para repouso ou alimentação | Q73: 0
B74: Total | F74: Total | J74: Total | N74: Total
B75: Quadro-Resumo do Módulo 4 - Custo de Reposição do Profissional Ausente | F75: Quadro-Resumo do Módulo 4 - Custo de Reposição do Profissional Ausente | J75: Quadro-Resumo do Módulo 4 - Custo de Reposição do Profissional Ausente | N75: Quadro-Resumo do Módulo 4 - Custo de Reposição do Profissional Ausente
B76: 4 | C76: Custo de Reposição do Profissional Ausente | E76: Valor R$ | F76: 4 | G76: Custo de Reposição do Profissional Ausente | I76: Valor R$ | J76: 4 | K76: Custo de Reposição do Profissional Ausente | M76: Valor R$ | N76: 4 | O76: Custo de Reposição do Profissional Ausente | Q76: Valor R$
B77: 4.1 | C77: Ausências Legais | E77: =E70 -> 77.580121 | F77: 4.1 | G77: Ausências Legais | I77: =I70 -> 77.678254 | J77: 4.1 | K77: Ausências Legais | M77: =M70 -> 77.678254 | N77: 4.1 | O77: Ausências Legais | Q77: =Q70 -> 77.678254
B78: 4.2 | C78: Intrajornada | E78: =E73 -> 0 | F78: 4.2 | G78: Intrajornada | I78: =I73 -> 0 | J78: 4.2 | K78: Intrajornada | M78: =M73 -> 0 | N78: 4.2 | O78: Intrajornada | Q78: =Q73 -> 0
B79: Total | E79: =SUM(E77:E78) -> 77.580121 | F79: Total | I79: =SUM(I77:I78) -> 77.678254 | J79: Total | M79: =SUM(M77:M78) -> 77.678254 | N79: Total | Q79: =SUM(Q77:Q78) -> 77.678254
B81: Módulo 5 - Insumos Diversos | E81: Valor (R$) | F81: Módulo 5 - Insumos Diversos | I81: Valor (R$) | J81: Módulo 5 - Insumos Diversos | M81: Valor (R$) | N81: Módulo 5 - Insumos Diversos | Q81: Valor (R$)
B82: A | C82: Uniformes e EPIs | E82: ='Uniformes e EPIs'!H14 -> 26.410556 | F82: A | G82: Uniformes e EPIs | I82: ='Uniformes e EPIs'!H14 -> 26.410556 | J82: A | K82: Uniformes e EPIs | M82: ='Uniformes e EPIs'!H14 -> 26.410556 | N82: A | O82: Uniformes e EPIs | Q82: ='Uniformes e EPIs'!H14 -> 26.410556
B83: B | C83: Insumos de materiais | E83: =Insumos!H42 -> 612.33039 | F83: B | G83: Insumos de materiais | I83: =Insumos!P42 -> 704.46492 | J83: B | K83: Insumos de materiais | M83: =Insumos!X42 -> 734.3654 | N83: B | O83: Insumos de materiais | Q83: =Insumos!AF42 -> 591.23931
B84: C | C84: Depreciação de Equipamentos | F84: C | G84: Depreciação de Equipamentos | J84: C | K84: Depreciação de Equipamentos | N84: C | O84: Depreciação de Equipamentos
B85: D | C85: Manutenção de Equipamentos | F85: D | G85: Manutenção de Equipamentos | J85: D | K85: Manutenção de Equipamentos | N85: D | O85: Manutenção de Equipamentos
B86: Total | E86: =SUM(E82:E85) -> 638.74094 | F86: Total | I86: =SUM(I82:I85) -> 730.87548 | J86: Total | M86: =SUM(M82:M85) -> 760.77596 | N86: Total | Q86: =SUM(Q82:Q85) -> 617.64987
B87: TOTAL DOS CUSTOS DIRETOS | E87: =E86+E79+E58+E48+E16 -> 5531.0306 | F87: TOTAL DOS CUSTOS DIRETOS | I87: =I86+I79+I58+I48+I16 -> 5623.2633 | J87: TOTAL DOS CUSTOS DIRETOS | M87: =M86+M79+M58+M48+M16 -> 5653.1638 | N87: TOTAL DOS CUSTOS DIRETOS | Q87: =Q86+Q79+Q58+Q48+Q16 -> 5510.0377
B89: Módulo 6 - Custos Indiretos, Tributos e Lucro | D89: (%) | E89: Valor (R$) | F89: Módulo 6 - Custos Indiretos, Tributos e Lucro | H89: (%) | I89: Valor (R$) | J89: Módulo 6 - Custos Indiretos, Tributos e Lucro | L89: (%) | M89: Valor (R$) | N89: Módulo 6 - Custos Indiretos, Tributos e Lucro | P89: (%) | Q89: Valor (R$)
B90: A | C90: Custos Indiretos | D90: 0.05 | E90: =E87*$D$90 -> 276.55153 | F90: A | G90: Custos Indiretos | H90: 0.05 | I90: =I87*$D$90 -> 281.16316 | J90: A | K90: Custos Indiretos | L90: 0.05 | M90: =M87*$D$90 -> 282.65819 | N90: A | O90: Custos Indiretos | P90: 0.05 | Q90: =Q87*$D$90 -> 275.50188
B91: B | C91: Lucro | D91: 0.1 | E91: =(E87+E90)*$D$91 -> 580.75821 | F91: B | G91: Lucro | H91: 0.1 | I91: =(I87+I90)*$D$91 -> 590.44264 | J91: B | K91: Lucro | L91: 0.1 | M91: =(M87+M90)*$D$91 -> 593.58219 | N91: B | O91: Lucro | P91: 0.1 | Q91: =(Q87+Q90)*$D$91 -> 578.55396
B92: C | C92: Tributos | D92: =SUM(D93:D95) -> 0.1425 | F92: C | G92: Tributos | H92: =SUM(H93:H95) -> 0.1425 | J92: C | K92: Tributos | L92: =SUM(L93:L95) -> 0.1425 | N92: C | O92: Tributos | P92: =SUM(P93:P95) -> 0.1425
C93: PIS | D93: 0.0165 | E93: =(E87+E90+E91)/(1-$D$92)*$D$93 -> 122.92433 | G93: PIS | H93: 0.0165 | I93: =(I87+I90+I91)/(1-$D$92)*$D$93 -> 124.97416 | K93: PIS | L93: 0.0165 | M93: =(M87+M90+M91)/(1-$D$92)*$D$93 -> 125.63868 | O93: PIS | P93: 0.0165 | Q93: =(Q87+Q90+Q91)/(1-$D$92)*$D$93 -> 122.45778
C94: COFINS | D94: 0.076 | E94: =(E87+E90+E91)/(1-$D$92)*$D$94 -> 566.19693 | G94: COFINS | H94: 0.076 | I94: =(I87+I90+I91)/(1-$D$92)*$D$94 -> 575.63854 | K94: COFINS | L94: 0.076 | M94: =(M87+M90+M91)/(1-$D$92)*$D$94 -> 578.69938 | O94: COFINS | P94: 0.076 | Q94: =(Q87+Q90+Q91)/(1-$D$92)*$D$94 -> 564.04794
C95: ISS | D95: 0.05 | E95: =(E87+E90+E91)/(1-$D$92)*$D$95 -> 372.49798 | G95: ISS | H95: 0.05 | I95: =(I87+I90+I91)/(1-$D$92)*$D$95 -> 378.70957 | K95: ISS | L95: 0.05 | M95: =(M87+M90+M91)/(1-$D$92)*$D$95 -> 380.72327 | O95: ISS | P95: 0.05 | Q95: =(Q87+Q90+Q91)/(1-$D$92)*$D$95 -> 371.08417
B96: Total | E96: =SUM(E90:E95) -> 1918.929 | F96: Total | I96: =SUM(I90:I95) -> 1950.9281 | J96: Total | M96: =SUM(M90:M95) -> 1961.3017 | N96: Total | Q96: =SUM(Q90:Q95) -> 1911.6457
B99: RESUMO DO CUSTO POR EMPREGADO | F99: RESUMO DO CUSTO POR EMPREGADO | J99: RESUMO DO CUSTO POR EMPREGADO | N99: RESUMO DO CUSTO POR EMPREGADO
B100: Resumo do Custo por Empregado - Mão de obra vinculada à execução contratual | E100: Valor (R$) | F100: Resumo do Custo por Empregado - Mão de obra vinculada à execução contratual | I100: Valor (R$) | J100: Resumo do Custo por Empregado - Mão de obra vinculada à execução contratual | M100: Valor (R$) | N100: Resumo do Custo por Empregado - Mão de obra vinculada à execução contratual | Q100: Valor (R$)
B101: A | C101: Módulo 1 - Composição da Remuneração | E101: =E16 -> 2423.05 | F101: A | G101: Módulo 1 - Composição da Remuneração | I101: =I16 -> 2423.05 | J101: A | K101: Módulo 1 - Composição da Remuneração | M101: =M16 -> 2423.05 | N101: A | O101: Módulo 1 - Composição da Remuneração | Q101: =Q16 -> 2423.05
B102: B | C102: Módulo 2 - Encargos e Benefícios Anuais, Mensais e Diários | E102: =E48 -> 2193.2214 | F102: B | G102: Módulo 2 - Encargos e Benefícios Anuais, Mensais e Diários | I102: =I48 -> 2193.2214 | J102: B | K102: Módulo 2 - Encargos e Benefícios Anuais, Mensais e Diários | M102: =M48 -> 2193.2214 | N102: B | O102: Módulo 2 - Encargos e Benefícios Anuais, Mensais e Diários | Q102: =Q48 -> 2193.2214
B103: C | C103: Módulo 3 - Provisão para Rescisão | E103: =E58 -> 198.43817 | F103: C | G103: Módulo 3 - Provisão para Rescisão | I103: =I58 -> 198.43817 | J103: C | K103: Módulo 3 - Provisão para Rescisão | M103: =M58 -> 198.43817 | N103: C | O103: Módulo 3 - Provisão para Rescisão | Q103: =Q58 -> 198.43817
B104: D | C104: Módulo 4 - Custo de Reposição do Profissional Ausente | E104: =E70 -> 77.580121 | F104: D | G104: Módulo 4 - Custo de Reposição do Profissional Ausente | I104: =I70 -> 77.678254 | J104: D | K104: Módulo 4 - Custo de Reposição do Profissional Ausente | M104: =M70 -> 77.678254 | N104: D | O104: Módulo 4 - Custo de Reposição do Profissional Ausente | Q104: =Q70 -> 77.678254
B105: E | C105: Módulo 5 - Insumos Diversos | E105: =E86 -> 638.74094 | F105: E | G105: Módulo 5 - Insumos Diversos | I105: =I86 -> 730.87548 | J105: E | K105: Módulo 5 - Insumos Diversos | M105: =M86 -> 760.77596 | N105: E | O105: Módulo 5 - Insumos Diversos | Q105: =Q86 -> 617.64987
B106: Subtotal (A + B +C+ D+E) | E106: =SUM(E101:E105) -> 5531.0306 | F106: Subtotal (A + B +C+ D+E) | I106: =SUM(I101:I105) -> 5623.2633 | J106: Subtotal (A + B +C+ D+E) | M106: =SUM(M101:M105) -> 5653.1638 | N106: Subtotal (A + B +C+ D+E) | Q106: =SUM(Q101:Q105) -> 5510.0377
B107: F | C107: Módulo 6 – Custos Indiretos, Tributos e Lucro | E107: =E96 -> 1918.929 | F107: F | G107: Módulo 6 – Custos Indiretos, Tributos e Lucro | I107: =I96 -> 1950.9281 | J107: F | K107: Módulo 6 – Custos Indiretos, Tributos e Lucro | M107: =M96 -> 1961.3017 | N107: F | O107: Módulo 6 – Custos Indiretos, Tributos e Lucro | Q107: =Q96 -> 1911.6457
B108: Valor Total por empregado com 40% de insalubridade | E108: =SUM(E106,E107) -> 7449.9596 | F108: Valor Total por empregado com 40% de insalubridade | I108: =SUM(I106,I107) -> 7574.1914 | J108: Valor Total por empregado com 40% de insalubridade | M108: =SUM(M106,M107) -> 7614.4655 | N108: Valor Total por empregado com 40% de insalubridade | Q108: =SUM(Q106,Q107) -> 7421.6834

Sheet Encarregado
B1: PLANILHA DE CUSTOS E FORMAÇÃO DE PREÇO | D1: ='44H'!D1 -> LOTE 1 | F1: PLANILHA DE CUSTOS E FORMAÇÃO DE PREÇO | H1: ='44H'!H1 -> LOTE 2 | J1: PLANILHA DE CUSTOS E FORMAÇÃO DE PREÇO | L1: ='44H'!L1 -> LOTE 3 | N1: PLANILHA DE CUSTOS E FORMAÇÃO DE PREÇO | P1: ='44H'!P1 -> LOTE 4
B2: Nº do Processo: | F2: Nº do Processo: | J2: Nº do Processo: | N2: Nº do Processo:
B4: Dados complementares para composição dos custos referente à mão-de-obra | F4: Dados complementares para composição dos custos referente à mão-de-obra | J4: Dados complementares para composição dos custos referente à mão-de-obra | N4: Dados complementares para composição dos custos referente à mão-de-obra
B5: 1 | C5: Tipo de serviço (mesmo serviço com características distintas) | E5: Encarregado | F5: 1 | G5: Tipo de serviço (mesmo serviço com características distintas) | I5: Encarregado | J5: 1 | K5: Tipo de serviço (mesmo serviço com características distintas) | M5: Encarregado | N5: 1 | O5: Tipo de serviço (mesmo serviço com características distintas) | Q5: Encarregado
B6: 2 | C6: Salário Normativo da Categoria Profissional | E6: 2161.45 | F6: 2 | G6: Salário Normativo da Categoria Profissional | I6: 2161.45 | J6: 2 | K6: Salário Normativo da Categoria Profissional | M6: 2161.45 | N6: 2 | O6: Salário Normativo da Categoria Profissional | Q6: 2161.45
B7: 3 | C7: Categoria profissional (vinculada à execução contratual) | E7: Encarregado | F7: 3 | G7: Categoria profissional (vinculada à execução contratual) | I7: Encarregado | J7: 3 | K7: Categoria profissional (vinculada à execução contratual) | M7: Encarregado | N7: 3 | O7: Categoria profissional (vinculada à execução contratual) | Q7: Encarregado
B8: 4 | C8: Data base da categoria (dia/mês/ano) | E8: 45775 | F8: 4 | G8: Data base da categoria (dia/mês/ano) | I8: 45775 | J8: 4 | K8: Data base da categoria (dia/mês/ano) | M8: 45775 | N8: 4 | O8: Data base da categoria (dia/mês/ano) | Q8: 45775
B9: 5 | C9: Número de meses de execução contratual: | E9: 30 | F9: 5 | G9: Número de meses de execução contratual: | I9: 30 | J9: 5 | K9: Número de meses de execução contratual: | M9: 30 | N9: 5 | O9: Número de meses de execução contratual: | Q9: 30
B11: Módulo 1 - Composição da Remuneração | D11: (%) | E11: Valor (R$) | F11: Módulo 1 - Composição da Remuneração | H11: (%) | I11: Valor (R$) | J11: Módulo 1 - Composição da Remuneração | L11: (%) | M11: Valor (R$) | N11: Módulo 1 - Composição da Remuneração | P11: (%) | Q11: Valor (R$)
B12: 1 | C12: Composição da Remuneração | E12: Valor (R$) | F12: 1 | G12: Composição da Remuneração | I12: Valor (R$) | J12: 1 | K12: Composição da Remuneração | M12: Valor (R$) | N12: 1 | O12: Composição da Remuneração | Q12: Valor (R$)
B13: A | C13: Salário-Base | E13: =E6 -> 2161.45 | F13: A | G13: Salário-Base | I13: =I6 -> 2161.45 | J13: A | K13: Salário-Base | M13: =M6 -> 2161.45 | N13: A | O13: Salário-Base | Q13: =Q6 -> 2161.45
B14: B | C14: Gratificação encarregado | F14: B | G14: Gratificação encarregado | J14: B | K14: Gratificação encarregado | M14: ='44H'!M6*25% -> 432.6875 | N14: B | O14: Gratificação encarregado | Q14: ='44H'!Q6*25% -> 432.6875
B15: C | C15: Outro | F15: C | G15: Outro | J15: C | K15: Outro | N15: C | O15: Outro
B16: Total | E16: =SUM(E13:E14) -> 2161.45 | F16: Total | I16: =SUM(I13:I14) -> 2161.45 | J16: Total | M16: =SUM(M13:M14) -> 2594.1375 | N16: Total | Q16: =SUM(Q13:Q14) -> 2594.1375
B18: Módulo 2 - Encargos e Benefícios Anuais, Mensais e Diários | F18: Módulo 2 - Encargos e Benefícios Anuais, Mensais e Diários | J18: Módulo 2 - Encargos e Benefícios Anuais, Mensais e Diários | N18: Módulo 2 - Encargos e Benefícios Anuais, Mensais e Diários
B19: Submódulo 2.1 - 13º (décimo terceiro) Sal ário, Férias e Adicional de Férias | F19: Submódulo 2.1 - 13º (décimo terceiro) Sal ário, Férias e Adicional de Férias | J19: Submódulo 2.1 - 13º (décimo terceiro) Sal ário, Férias e Adicional de Férias | N19: Submódulo 2.1 - 13º (décimo terceiro) Sal ário, Férias e Adicional de Férias
B20: 2.1 | C20: 13º (décimo terceiro) Salário, Férias e Adicional de Férias | D20: (%) | E20: Valor (R$) | F20: 2.1 | G20: 13º (décimo terceiro) Salário, Férias e Adicional de Férias | H20: (%) | I20: Valor (R$) | J20: 2.1 | K20: 13º (décimo terceiro) Salário, Férias e Adicional de Férias | L20: (%) | M20: Valor (R$) | N20: 2.1 | O20: 13º (décimo terceiro) Salário, Férias e Adicional de Férias | P20: (%) | Q20: Valor (R$)
B21: A | C21: 13º (décimo terceiro) Salário | D21: 0.0833 | E21: =$E$16*D21 -> 180.04878 | F21: A | G21: 13º (décimo terceiro) Salário | H21: 0.0833 | I21: =$E$16*H21 -> 180.04878 | J21: A | K21: 13º (décimo terceiro) Salário | L21: 0.0833 | M21: =$M$16*L21 -> 216.09165 | N21: A | O21: 13º (décimo terceiro) Salário | P21: 0.0833 | Q21: =$Q$16*P21 -> 216.09165
B22: B | C22: Férias | D22: 0.0833 | E22: =$E$16*D22 -> 180.04878 | F22: B | G22: Férias | H22: 0.0833 | I22: =$E$16*H22 -> 180.04878 | J22: B | K22: Férias | L22: 0.0833 | M22: =$M$16*L22 -> 216.09165 | N22: B | O22: Férias | P22: 0.0833 | Q22: =$Q$16*P22 -> 216.09165
B23: C | C23: Adicional de Férias | D23: 0.0278 | E23: =$E$16*D23 -> 60.08831 | F23: C | G23: Adicional de Férias | H23: 0.0278 | I23: =$E$16*H23 -> 60.08831 | J23: C | K23: Adicional de Férias | L23: 0.0278 | M23: =$M$16*L23 -> 72.117022 | N23: C | O23: Adicional de Férias | P23: 0.0278 | Q23: =$Q$16*P23 -> 72.117022
B24: Total | E24: =SUM(E21:E23) -> 420.18588 | F24: Total | I24: =SUM(I21:I23) -> 420.18588 | J24: Total | M24: =SUM(M21:M23) -> 504.30033 | N24: Total | Q24: =SUM(Q21:Q23) -> 504.30033
B25: 2.2 | C25: GPS, FGTS e outras contribuições | D25: (%) | E25: Valor (R$) | F25: 2.2 | G25: GPS, FGTS e outras contribuições | H25: (%) | I25: Valor (R$) | J25: 2.2 | K25: GPS, FGTS e outras contribuições | L25: (%) | M25: Valor (R$) | N25: 2.2 | O25: GPS, FGTS e outras contribuições | P25: (%) | Q25: Valor (R$)
B26: A | C26: INSS | D26: 0.2 | E26: =($E$24+$E$16)*$D$26 -> 516.32718 | F26: A | G26: INSS | H26: 0.2 | I26: =($E$24+$E$16)*$D$26 -> 516.32718 | J26: A | K26: INSS | L26: 0.2 | M26: =($M$16+$M$24)*D26 -> 619.68757 | N26: A | O26: INSS | P26: 0.2 | Q26: =($Q$16+$Q$24)*P26 -> 619.68757
B27: B | C27: Salário Educação | D27: 0.025 | E27: =($E$24+E16)*D27 -> 64.540897 | F27: B | G27: Salário Educação | H27: 0.025 | I27: =($E$24+I16)*H27 -> 64.540897 | J27: B | K27: Salário Educação | L27: 0.025 | M27: =($M$16+$M$24)*D27 -> 77.460946 | N27: B | O27: Salário Educação | P27: 0.025 | Q27: =($Q$16+$Q$24)*P27 -> 77.460946
B28: C | C28: SAT | D28: 0.03 | E28: =($E$24+E16)*$D$28 -> 77.449076 | F28: C | G28: SAT | H28: 0.03 | I28: =($E$24+I16)*$D$28 -> 77.449076 | J28: C | K28: SAT | L28: 0.03 | M28: =($M$16+$M$24)*D28 -> 92.953135 | N28: C | O28: SAT | P28: 0.03 | Q28: =($Q$16+$Q$24)*P28 -> 92.953135
B29: D | C29: SESC ou SESI | D29: 0.015 | E29: =($E$24+E16)*$D$29 -> 38.724538 | F29: D | G29: SESC ou SESI | H29: 0.015 | I29: =($E$24+I16)*$D$29 -> 38.724538 | J29: D | K29: SESC ou SESI | L29: 0.015 | M29: =($M$16+$M$24)*D29 -> 46.476567 | N29: D | O29: SESC ou SESI | P29: 0.015 | Q29: =($Q$16+$Q$24)*P29 -> 46.476567
B30: E | C30: SENAI - SENAC | D30: 0.01 | E30: =($E$24+E16)*$D$30 -> 25.816359 | F30: E | G30: SENAI - SENAC | H30: 0.01 | I30: =($E$24+I16)*$D$30 -> 25.816359 | J30: E | K30: SENAI - SENAC | L30: 0.01 | M30: =($M$16+$M$24)*D30 -> 30.984378 | N30: E | O30: SENAI - SENAC | P30: 0.01 | Q30: =($Q$16+$Q$24)*P30 -> 30.984378
B31: F | C31: SEBRAE | D31: 0.006 | E31: =($E$24+E16)*$D$31 -> 15.489815 | F31: F | G31: SEBRAE | H31: 0.006 | I31: =($E$24+I16)*$D$31 -> 15.489815 | J31: F | K31: SEBRAE | L31: 0.006 | M31: =($M$16+$M$24)*D31 -> 18.590627 | N31: F | O31: SEBRAE | P31: 0.006 | Q31: =($Q$16+$Q$24)*P31 -> 18.590627
B32: G | C32: INCRA | D32: 0.002 | E32: =($E$24+E16)*$D$32 -> 5.1632718 | F32: G | G32: INCRA | H32: 0.002 | I32: =($E$24+I16)*$D$32 -> 5.1632718 | J32: G | K32: INCRA | L32: 0.002 | M32: =($M$16+$M$24)*D32 -> 6.1968757 | N32: G | O32: INCRA | P32: 0.002 | Q32: =($Q$16+$Q$24)*P32 -> 6.1968757
B33: H | C33: FGTS | D33: 0.08 | E33: =($E$24+$E$16)*D33 -> 206.53087 | F33: H | G33: FGTS | H33: 0.08 | I33: =($E$24+$E$16)*H33 -> 206.53087 | J33: H | K33: FGTS | L33: 0.08 | M33: =($M$16+$M$24)*D33 -> 247.87503 | N33: H | O33: FGTS | P33: 0.08 | Q33: =($Q$16+$Q$24)*P33 -> 247.87503
B34: Total | D34: =SUM(D26:D33) -> 0.368 | E34: =SUM(E26:E33) -> 950.042 | F34: Total | H34: =SUM(H26:H33) -> 0.368 | I34: =SUM(I26:I33) -> 950.042 | J34: Total | L34: =SUM(L26:L33) -> 0.368 | M34: =SUM(M26:M33) -> 1140.2251 | N34: Total | P34: =SUM(P26:P33) -> 0.368 | Q34: =SUM(Q26:Q33) -> 1140.2251
B35: Nota: Os percentuais dos encargos previdenciários, do FGTS e demais contribuições são aqueles estabelecidos pela legislação vigente. | F35: Nota: Os percentuais dos encargos previdenciários, do FGTS e demais contribuições são aqueles estabelecidos pela legislação vigente. | J35: Nota: Os percentuais dos encargos previdenciários, do FGTS e demais contribuições são aqueles estabelecidos pela legislação vigente. | N35: Nota: Os percentuais dos encargos previdenciários, do FGTS e demais contribuições são aqueles estabelecidos pela legislação vigente.
B36: Submódulo 2.3 - Benefícios Mensais e Diários. | F36: Submódulo 2.3 - Benefícios Mensais e Diários. | J36: Submódulo 2.3 - Benefícios Mensais e Diários. | N36: Submódulo 2.3 - Benefícios Mensais e Diários.
B37: 2.3 | C37: Benefícios Mensais e Diários | E37: Valor (R$) | F37: 2.3 | G37: Benefícios Mensais e Diários | I37: Valor (R$) | J37: 2.3 | K37: Benefícios Mensais e Diários | M37: Valor (R$) | N37: 2.3 | O37: Benefícios Mensais e Diários | Q37: Valor (R$)
B38: A | C38: Transporte | D38: 4.7 | E38: =D38*2*26-(E13*6%) -> 114.713 | F38: A | G38: Transporte | H38: 4.7 | I38: =H38*2*26-(I13*6%) -> 114.713 | J38: A | K38: Transporte | L38: 4.7 | M38: =L38*2*26-(M13*6%) -> 114.713 | N38: A | O38: Transporte | P38: 4.7 | Q38: =P38*2*26-(Q13*6%) -> 114.713
B39: B | C39: Auxílio-Refeição/Alimentação | D39: 25 | E39: =D39*22-(D39*22*10%) -> 495 | F39: B | G39: Auxílio-Refeição/Alimentação | H39: 25 | I39: =H39*22-(H39*22*10%) -> 495 | J39: B | K39: Auxílio-Refeição/Alimentação | L39: 25 | M39: =L39*22-(L39*22*10%) -> 495 | N39: B | O39: Auxílio-Refeição/Alimentação | P39: 25 | Q39: =P39*22-(P39*22*10%) -> 495
B40: C | C40: Benefício Social e Familiar | E40: 21.6 | F40: C | G40: Benefício Social e Familiar | I40: 21.6 | J40: C | K40: Benefício Social e Familiar | M40: 21.6 | N40: C | O40: Benefício Social e Familiar | Q40: 21.6
B41: D | C41: Outros (especificar) | F41: D | G41: Outros (especificar) | J41: D | K41: Outros (especificar) | N41: D | O41: Outros (especificar)
B42: Total | E42: =SUM(E38,E39,E40) -> 631.313 | F42: Total | I42: =SUM(I38,I39,I40) -> 631.313 | J42: Total | M42: =SUM(M38,M39,M40) -> 631.313 | N42: Total | Q42: =SUM(Q38,Q39,Q40) -> 631.313
B43: Quadro-Resumo do Módulo 2 - Encargos e Benefícios anuais, mensais e diários | F43: Quadro-Resumo do Módulo 2 - Encargos e Benefícios anuais, mensais e diários | J43: Quadro-Resumo do Módulo 2 - Encargos e Benefícios anuais, mensais e diários | N43: Quadro-Resumo do Módulo 2 - Encargos e Benefícios anuais, mensais e diários
B44: 2 | C44: Encargos e Benefícios Anuais, Mensais e Diários | E44: Valor (R$) | F44: 2 | G44: Encargos e Benefícios Anuais, Mensais e Diários | I44: Valor (R$) | J44: 2 | K44: Encargos e Benefícios Anuais, Mensais e Diários | M44: Valor (R$) | N44: 2 | O44: Encargos e Benefícios Anuais, Mensais e Diários | Q44: Valor (R$)
B45: 2.1 | C45: 13º (décimo terceiro) Salário, Férias e Adicional de Férias | E45: =E24 -> 420.18588 | F45: 2.1 | G45: 13º (décimo terceiro) Salário, Férias e Adicional de Férias | I45: =I24 -> 420.18588 | J45: 2.1 | K45: 13º (décimo terceiro) Salário, Férias e Adicional de Férias | M45: =M24 -> 504.30033 | N45: 2.1 | O45: 13º (décimo terceiro) Salário, Férias e Adicional de Férias | Q45: =Q24 -> 504.30033
B46: 2.2 | C46: GPS, FGTS e outras contribuições | E46: =E34 -> 950.042 | F46: 2.2 | G46: GPS, FGTS e outras contribuições | I46: =I34 -> 950.042 | J46: 2.2 | K46: GPS, FGTS e outras contribuições | M46: =M34 -> 1140.2251 | N46: 2.2 | O46: GPS, FGTS e outras contribuições | Q46: =Q34 -> 1140.2251
B47: 2.3 | C47: Benefícios Mensais e Diários | E47: =E42 -> 631.313 | F47: 2.3 | G47: Benefícios Mensais e Diários | I47: =I42 -> 631.313 | J47: 2.3 | K47: Benefícios Mensais e Diários | M47: =M42 -> 631.313 | N47: 2.3 | O47: Benefícios Mensais e Diários | Q47: =Q42 -> 631.313
B48: Total | E48: =SUM(E45:E47) -> 2001.5409 | F48: Total | I48: =SUM(I45:I47) -> 2001.5409 | J48: Total | M48: =SUM(M45:M47) -> 2275.8385 | N48: Total | Q48: =SUM(Q45:Q47) -> 2275.8385
B50: Módulo 3 - Provisão para Rescisão | D50: (%) | E50: Valor (R$) | F50: Módulo 3 - Provisão para Rescisão | H50: (%) | I50: Valor (R$) | J50: Módulo 3 - Provisão para Rescisão | L50: (%) | M50: Valor (R$) | N50: Módulo 3 - Provisão para Rescisão | P50: (%) | Q50: Valor (R$)
B51: 3 | C51: Provisão para Rescisão | D51: (%) | E51: Valor (R$) | F51: 3 | G51: Provisão para Rescisão | H51: (%) | I51: Valor (R$) | J51: 3 | K51: Provisão para Rescisão | L51: (%) | M51: Valor (R$) | N51: 3 | O51: Provisão para Rescisão | P51: (%) | Q51: Valor (R$)
B52: A | C52: Aviso Prévio Indenizado | D52: =5%/12 -> 0.0041666667 | E52: =($E$16+$E$24)*D52 -> 10.756816 | F52: A | G52: Aviso Prévio Indenizado | H52: =5%/12 -> 0.0041666667 | I52: =($I$16+$I$24)*H52 -> 10.756816 | J52: A | K52: Aviso Prévio Indenizado | L52: =5%/12 -> 0.0041666667 | M52: =($M$16+$M$24)*L52 -> 12.910158 | N52: A | O52: Aviso Prévio Indenizado | P52: =5%/12 -> 0.0041666667 | Q52: =($Q$16+$Q$24)*P52 -> 12.910158
B53: B | C53: Incidência do FGTS sobre o Aviso Prévio Indenizado | D53: =D52*D33 -> 0.00033333333 | E53: =($E$16+$E$24)*D53 -> 0.86054529 | F53: B | G53: Incidência do FGTS sobre o Aviso Prévio Indenizado | H53: =H52*H33 -> 0.00033333333 | I53: =($I$16+$I$24)*H53 -> 0.86054529 | J53: B | K53: Incidência do FGTS sobre o Aviso Prévio Indenizado | L53: =L52*L33 -> 0.00033333333 | M53: =($M$16+$M$24)*L53 -> 1.0328126 | N53: B | O53: Incidência do FGTS sobre o Aviso Prévio Indenizado | P53: =P52*P33 -> 0.00033333333 | Q53: =($Q$16+$Q$24)*P53 -> 1.0328126
B54: C | C54: Multa do FGTS no Aviso Prévio Indenizado | D54: =(1+2/12+(1/3*1/12))*0.08*0.4*0.05 -> 0.0019111111 | E54: =(E16+E24)*D54 -> 4.933793 | F54: C | G54: Multa do FGTS no Aviso Prévio Indenizado | H54: =(1+2/12+(1/3*1/12))*0.08*0.4*0.05 -> 0.0019111111 | I54: =(I16+I24)*H54 -> 4.933793 | J54: C | K54: Multa do FGTS no Aviso Prévio Indenizado | L54: =(1+2/12+(1/3*1/12))*0.08*0.4*0.05 -> 0.0019111111 | M54: =(M16+M24)*L54 -> 5.921459 | N54: C | O54: Multa do FGTS no Aviso Prévio Indenizado | P54: =(1+2/12+(1/3*1/12))*0.08*0.4*0.05 -> 0.0019111111 | Q54: =(Q16+Q24)*P54 -> 5.921459
B55: D | C55: Aviso Prévio Trabalhado | D55: =7/30/12 -> 0.019444444 | E55: =($E$16+$E$24)*D55 -> 50.198475 | F55: D | G55: Aviso Prévio Trabalhado | H55: =7/30/12 -> 0.019444444 | I55: =($I$16+$I$24)*H55 -> 50.198475 | J55: D | K55: Aviso Prévio Trabalhado | L55: =7/30/12 -> 0.019444444 | M55: =($M$16+$M$24)*L55 -> 60.247402 | N55: D | O55: Aviso Prévio Trabalhado | P55: =7/30/12 -> 0.019444444 | Q55: =($Q$16+$Q$24)*P55 -> 60.247402
B56: E | C56: Incidência de GPS, FGTS e outras contribuições sobre o APT | D56: =D55*D34 -> 0.0071555556 | E56: =($E$16+$E$24)*D56 -> 18.473039 | F56: E | G56: Incidência de GPS, FGTS e outras contribuições sobre o APT | H56: =H55*H34 -> 0.0071555556 | I56: =($I$16+$I$24)*H56 -> 18.473039 | J56: E | K56: Incidência de GPS, FGTS e outras contribuições sobre o APT | L56: =L55*L34 -> 0.0071555556 | M56: =($M$16+$M$24)*L56 -> 22.171044 | N56: E | O56: Incidência de GPS, FGTS e outras contribuições sobre o APT | P56: =P55*P34 -> 0.0071555556 | Q56: =($Q$16+$Q$24)*P56 -> 22.171044
B57: F | C57: Multa do FGTS sobre o APT | D57: =100%*8%*40%*(1+1/12*1/3+1/12) -> 0.035555556 | E57: =($E$16+$E$24)*D57 -> 91.791498 | F57: F | G57: Multa do FGTS sobre o APT | H57: =100%*8%*40%*(1+1/12*1/3+1/12) -> 0.035555556 | I57: =($I$16+$I$24)*H57 -> 91.791498 | J57: F | K57: Multa do FGTS sobre o APT | L57: =100%*8%*40%*(1+1/12*1/3+1/12) -> 0.035555556 | M57: =($M$16+$M$24)*L57 -> 110.16668 | N57: F | O57: Multa do FGTS sobre o APT | P57: =100%*8%*40%*(1+1/12*1/3+1/12) -> 0.035555556 | Q57: =($Q$16+$Q$24)*P57 -> 110.16668
B58: Total | E58: =SUM(E52:E57) -> 177.01417 | F58: Total | I58: =SUM(I52:I57) -> 177.01417 | J58: Total | M58: =SUM(M52:M57) -> 212.44955 | N58: Total | Q58: =SUM(Q52:Q57) -> 212.44955
B60: Módulo 4 - Custo de Reposição do Profissional Ausente | F60: Módulo 4 - Custo de Reposição do Profissional Ausente | J60: Módulo 4 - Custo de Reposição do Profissional Ausente | N60: Módulo 4 - Custo de Reposição do Profissional Ausente
B61: Submódulo 4.1 - Ausências Legais | F61: Submódulo 4.1 - Ausências Legais | J61: Submódulo 4.1 - Ausências Legais | N61: Submódulo 4.1 - Ausências Legais
B62: 4.1 | C62: Ausências Legais | D62: Dias de Reposição | E62: Valor (R$) | F62: 4.1 | G62: Ausências Legais | H62: Dias de Reposição | I62: Valor (R$) | J62: 4.1 | K62: Ausências Legais | L62: Dias de Reposição | M62: Valor (R$) | N62: 4.1 | O62: Ausências Legais | P62: Dias de Reposição | Q62: Valor (R$)
B63: A | C63: Substituto na cobertura de Férias (Décimo Terceiro Salário do Substituto) | D63: =(1/12+1/12+1/12/3)/12 -> 0.016203704 | E63: =(E16+E34)*D63 -> 50.417695 | F63: A | G63: Substituto na cobertura de Férias (Décimo Terceiro Salário do Substituto) | H63: =(1/12+1/12+1/12/3)/12 -> 0.016203704 | I63: =(I16+I34)*H63 -> 50.417695 | J63: A | K63: Substituto na cobertura de Férias (Décimo Terceiro Salário do Substituto) | L63: =(1/12+1/12+1/12/3)/12 -> 0.016203704 | M63: =(M16+M34)*L63 -> 60.510505 | N63: A | O63: Substituto na cobertura de Férias (Décimo Terceiro Salário do Substituto) | P63: =(1/12+1/12+1/12/3)/12 -> 0.016203704 | Q63: =(Q16+Q34)*P63 -> 60.510505
B64: B | C64: Substituto na cobertura de Ausências Legais | D64: =(1/30/12) -> 0.0027777778 | E64: =E16*D64 -> 6.0040278 | F64: B | G64: Substituto na cobertura de Ausências Legais | H64: =(1/30/12) -> 0.0027777778 | I64: =I16*H64 -> 6.0040278 | J64: B | K64: Substituto na cobertura de Ausências Legais | L64: =(1/30/12) -> 0.0027777778 | M64: =M16*L64 -> 7.2059375 | N64: B | O64: Substituto na cobertura de Ausências Legais | P64: =(1/30/12) -> 0.0027777778 | Q64: =Q16*P64 -> 7.2059375
B65: C | C65: Substituto na cobertura de Licença Paternidade | D65: =(5/30/12)*0.015 -> 0.00020833333 | E65: =($E$16+$E$24)*D65 -> 0.53784081 | F65: C | G65: Substituto na cobertura de Licença Paternidade | H65: =(5/30/12)*0.015 -> 0.00020833333 | I65: =($E$16+$E$24)*H65 -> 0.53784081 | J65: C | K65: Substituto na cobertura de Licença Paternidade | L65: =(5/30/12)*0.015 -> 0.00020833333 | M65: =($E$16+$E$24)*L65 -> 0.53784081 | N65: C | O65: Substituto na cobertura de Licença Paternidade | P65: =(5/30/12)*0.015 -> 0.00020833333 | Q65: =($E$16+$E$24)*P65 -> 0.53784081
B66: D | C66: Substituto na cobertura de Ausência por Acidente de Trabalho | D66: =(1/12)*0.0178 -> 0.0014833333 | E66: =E16*D66 -> 3.2061508 | F66: D | G66: Substituto na cobertura de Ausência por Acidente de Trabalho | H66: =(1/12)*0.0178 -> 0.0014833333 | I66: =I16*H66 -> 3.2061508 | J66: D | K66: Substituto na cobertura de Ausência por Acidente de Trabalho | L66: =(1/12)*0.0178 -> 0.0014833333 | M66: =M16*L66 -> 3.8479706 | N66: D | O66: Substituto na cobertura de Ausência por Acidente de Trabalho | P66: =(1/12)*0.0178 -> 0.0014833333 | Q66: =Q16*P66 -> 3.8479706
B67: E | C67: Substituto na cobertura de Afastamento Maternidade | D67: =11.11%*5.28%*50% -> 0.00293304 | E67: =(E16+(1/12+1/12/3)/12+E34)*D67 -> 9.1261577 | F67: E | G67: Substituto na cobertura de Afastamento Maternidade | H67: =11.11%*5.28%*50% -> 0.00293304 | I67: =(I16+(1/12+1/12/3)/12+I34)*H67 -> 9.1261577 | J67: E | K67: Substituto na cobertura de Afastamento Maternidade | L67: =11.11%*5.28%*50% -> 0.00293304 | M67: =(M16+(1/12+1/12/3)/12+M34)*L67 -> 10.953062 | N67: E | O67: Substituto na cobertura de Afastamento Maternidade | P67: =11.11%*5.28%*50% -> 0.00293304 | Q67: =(Q16+(1/12+1/12/3)/12+Q34)*P67 -> 10.953062
B68: F | C68: outra substituição (especificar) | D68: 0 | E68: =($E$16+$E$24)*D68 -> 0 | F68: F | G68: outra substituição (especificar) | H68: 0 | I68: =($E$16+$E$24)*H68 -> 0 | J68: F | K68: outra substituição (especificar) | L68: 0 | M68: =($E$16+$E$24)*L68 -> 0 | N68: F | O68: outra substituição (especificar) | P68: 0 | Q68: =($E$16+$E$24)*P68 -> 0
B69: G | C69: Subtotal | D69: =SUM(D63:D68) -> 0.023606188 | F69: G | G69: Subtotal | H69: =SUM(H63:H68) -> 0.023606188 | J69: G | K69: Subtotal | L69: =SUM(L63:L68) -> 0.023606188 | N69: G | O69: Subtotal | P69: =SUM(P63:P68) -> 0.023606188
B70: Total | E70: =SUM(E63:E69) -> 69.291872 | F70: Total | I70: =SUM(I63:I69) -> 69.291872 | J70: Total | M70: =SUM(M63:M69) -> 83.055316 | N70: Total | Q70: =SUM(Q63:Q69) -> 83.055316
B71: Submódulo 4.2 - Intrajornada | F71: Submódulo 4.2 - Intrajornada | J71: Submódulo 4.2 - Intrajornada | N71: Submódulo 4.2 - Intrajornada
B72: 4.2 | C72: Intrajornada | D72: Valor R$ | F72: 4.2 | G72: Intrajornada | H72: Valor R$ | J72: 4.2 | K72: Intrajornada | L72: Valor R$ | N72: 4.2 | O72: Intrajornada | P72: Valor R$
B73: A | C73: Intervalo para repouso ou alimentação | E73: 0 | F73: A | G73: Intervalo para repouso ou alimentação | I73: 0 | J73: A | K73: Intervalo para repouso ou alimentação | M73: 0 | N73: A | O73: Intervalo para repouso ou alimentação | Q73: 0
B74: Total | F74: Total | J74: Total | N74: Total
B75: Quadro-Resumo do Módulo 4 - Custo de Reposição do Profissional Ausente | F75: Quadro-Resumo do Módulo 4 - Custo de Reposição do Profissional Ausente | J75: Quadro-Resumo do Módulo 4 - Custo de Reposição do Profissional Ausente | N75: Quadro-Resumo do Módulo 4 - Custo de Reposição do Profissional Ausente
B76: 4 | C76: Custo de Reposição do Profissional Ausente | E76: Valor R$ | F76: 4 | G76: Custo de Reposição do Profissional Ausente | I76: Valor R$ | J76: 4 | K76: Custo de Reposição do Profissional Ausente | M76: Valor R$ | N76: 4 | O76: Custo de Reposição do Profissional Ausente | Q76: Valor R$
B77: 4.1 | C77: Ausências Legais | E77: =E70 -> 69.291872 | F77: 4.1 | G77: Ausências Legais | I77: =I70 -> 69.291872 | J77: 4.1 | K77: Ausências Legais | M77: =M70 -> 83.055316 | N77: 4.1 | O77: Ausências Legais | Q77: =Q70 -> 83.055316
B78: 4.2 | C78: Intrajornada | E78: =E73 -> 0 | F78: 4.2 | G78: Intrajornada | I78: =I73 -> 0 | J78: 4.2 | K78: Intrajornada | M78: =M73 -> 0 | N78: 4.2 | O78: Intrajornada | Q78: =Q73 -> 0
B79: Total | E79: =SUM(E77:E78) -> 69.291872 | F79: Total | I79: =SUM(I77:I78) -> 69.291872 | J79: Total | M79: =SUM(M77:M78) -> 83.055316 | N79: Total | Q79: =SUM(Q77:Q78) -> 83.055316
B81: Módulo 5 - Insumos Diversos | E81: Valor (R$) | F81: Módulo 5 - Insumos Diversos | I81: Valor (R$) | J81: Módulo 5 - Insumos Diversos | M81: Valor (R$) | N81: Módulo 5 - Insumos Diversos | Q81: Valor (R$)
B82: A | C82: Uniformes e EPIs | E82: ='Uniformes e EPIs'!H21 -> 13.888889 | F82: A | G82: Uniformes e EPIs | I82: ='Uniformes e EPIs'!H21 -> 13.888889 | J82: A | K82: Uniformes e EPIs | M82: ='Uniformes e EPIs'!H21 -> 13.888889 | N82: A | O82: Uniformes e EPIs | Q82: ='Uniformes e EPIs'!H21 -> 13.888889
B83: B | C83: Insumos de materiais | F83: B | G83: Insumos de materiais | J83: B | K83: Insumos de materiais | N83: B | O83: Insumos de materiais
B84: C | C84: Depreciação de Equipamentos | F84: C | G84: Depreciação de Equipamentos | J84: C | K84: Depreciação de Equipamentos | N84: C | O84: Depreciação de Equipamentos
B85: D | C85: Manutenção de Equipamentos | F85: D | G85: Manutenção de Equipamentos | J85: D | K85: Manutenção de Equipamentos | N85: D | O85: Manutenção de Equipamentos
B86: Total | E86: =SUM(E82:E85) -> 13.888889 | F86: Total | I86: =SUM(I82:I85) -> 13.888889 | J86: Total | M86: =SUM(M82:M85) -> 13.888889 | N86: Total | Q86: =SUM(Q82:Q85) -> 13.888889
B87: TOTAL DOS CUSTOS DIRETOS | E87: =E86+E79+E58+E48+E16 -> 4423.1858 | F87: TOTAL DOS CUSTOS DIRETOS | I87: =I86+I79+I58+I48+I16 -> 4423.1858 | J87: TOTAL DOS CUSTOS DIRETOS | M87: =M86+M79+M58+M48+M16 -> 5179.3697 | N87: TOTAL DOS CUSTOS DIRETOS | Q87: =Q86+Q79+Q58+Q48+Q16 -> 5179.3697
B89: Módulo 6 - Custos Indiretos, Tributos e Lucro | D89: (%) | E89: Valor (R$) | F89: Módulo 6 - Custos Indiretos, Tributos e Lucro | H89: (%) | I89: Valor (R$) | J89: Módulo 6 - Custos Indiretos, Tributos e Lucro | L89: (%) | M89: Valor (R$) | N89: Módulo 6 - Custos Indiretos, Tributos e Lucro | P89: (%) | Q89: Valor (R$)
B90: 6 | C90: Custos Indiretos, Tributos e Lucro | D90: Percentual (%) | E90: Valor (R$) | F90: 6 | G90: Custos Indiretos, Tributos e Lucro | H90: Percentual (%) | I90: Valor (R$) | J90: 6 | K90: Custos Indiretos, Tributos e Lucro | L90: Percentual (%) | M90: Valor (R$) | N90: 6 | O90: Custos Indiretos, Tributos e Lucro | P90: Percentual (%) | Q90: Valor (R$)
B91: A | C91: Custos Indiretos | D91: 0.05 | E91: =E87*$D$91 -> 221.15929 | F91: A | G91: Custos Indiretos | H91: 0.05 | I91: =I87*$D$91 -> 221.15929 | J91: A | K91: Custos Indiretos | L91: 0.05 | M91: =M87*$D$91 -> 258.96849 | N91: A | O91: Custos Indiretos | P91: 0.05 | Q91: =Q87*$D$91 -> 258.96849
B92: B | C92: Lucro | D92: 0.1 | E92: =(E87+E91)*$D$92 -> 464.43451 | F92: B | G92: Lucro | H92: 0.1 | I92: =(I87+I91)*$D$92 -> 464.43451 | J92: B | K92: Lucro | L92: 0.1 | M92: =(M87+M91)*$D$92 -> 543.83382 | N92: B | O92: Lucro | P92: 0.1 | Q92: =(Q87+Q91)*$D$92 -> 543.83382
B93: C | C93: Tributos | D93: =SUM(D94:D96) -> 0.1425 | F93: C | G93: Tributos | H93: =SUM(H94:H96) -> 0.1425 | J93: C | K93: Tributos | L93: =SUM(L94:L96) -> 0.1425 | N93: C | O93: Tributos | P93: =SUM(P94:P96) -> 0.1425
C94: PIS | D94: 0.0165 | E94: =(E87+E91+E92)/(1-$D$93)*$D$94 -> 98.303048 | G94: PIS | H94: 0.0165 | I94: =(I87+I91+I92)/(1-$D$93)*$D$94 -> 98.303048 | K94: PIS | L94: 0.0165 | M94: =(M87+M91+M92)/(1-$D$93)*$D$94 -> 115.10885 | O94: PIS | P94: 0.0165 | Q94: =(Q87+Q91+Q92)/(1-$D$93)*$D$94 -> 115.10885
C95: COFINS | D95: 0.076 | E95: =(E87+E91+E92)/(1-$D$93)*$D$95 -> 452.7898 | G95: COFINS | H95: 0.076 | I95: =(I87+I91+I92)/(1-$D$93)*$D$95 -> 452.7898 | K95: COFINS | L95: 0.076 | M95: =(M87+M91+M92)/(1-$D$93)*$D$95 -> 530.19834 | O95: COFINS | P95: 0.076 | Q95: =(Q87+Q91+Q92)/(1-$D$93)*$D$95 -> 530.19834
C96: ISS | D96: 0.05 | E96: =(E87+E91+E92)/(1-$D$93)*$D$96 -> 297.88802 | G96: ISS | H96: 0.05 | I96: =(I87+I91+I92)/(1-$D$93)*$D$96 -> 297.88802 | K96: ISS | L96: 0.05 | M96: =(M87+M91+M92)/(1-$D$93)*$D$96 -> 348.81469 | O96: ISS | P96: 0.05 | Q96: =(Q87+Q91+Q92)/(1-$D$93)*$D$96 -> 348.81469
B97: Total | E97: =SUM(E91:E96) -> 1534.5747 | F97: Total | I97: =SUM(I91:I96) -> 1534.5747 | J97: Total | M97: =SUM(M91:M96) -> 1796.9242 | N97: Total | Q97: =SUM(Q91:Q96) -> 1796.9242
B100: RESUMO DO CUSTO POR EMPREGADO | F100: RESUMO DO CUSTO POR EMPREGADO | J100: RESUMO DO CUSTO POR EMPREGADO | N100: RESUMO DO CUSTO POR EMPREGADO
B101: Resumo do Custo por Empregado - Mão de obra vinculada à execução contratual | E101: Valor (R$) | F101: Resumo do Custo por Empregado - Mão de obra vinculada à execução contratual | I101: Valor (R$) | J101: Resumo do Custo por Empregado - Mão de obra vinculada à execução contratual | M101: Valor (R$) | N101: Resumo do Custo por Empregado - Mão de obra vinculada à execução contratual | Q101: Valor (R$)
B102: A | C102: Módulo 1 - Composição da Remuneração | E102: =E16 -> 2161.45 | F102: A | G102: Módulo 1 - Composição da Remuneração | I102: =I16 -> 2161.45 | J102: A | K102: Módulo 1 - Composição da Remuneração | M102: =M16 -> 2594.1375 | N102: A | O102: Módulo 1 - Composição da Remuneração | Q102: =Q16 -> 2594.1375
B103: B | C103: Módulo 2 - Encargos e Benefícios Anuais, Mensais e Diários | E103: =E48 -> 2001.5409 | F103: B | G103: Módulo 2 - Encargos e Benefícios Anuais, Mensais e Diários | I103: =I48 -> 2001.5409 | J103: B | K103: Módulo 2 - Encargos e Benefícios Anuais, Mensais e Diários | M103: =M48 -> 2275.8385 | N103: B | O103: Módulo 2 - Encargos e Benefícios Anuais, Mensais e Diários | Q103: =Q48 -> 2275.8385
B104: C | C104: Módulo 3 - Provisão para Rescisão | E104: =E58 -> 177.01417 | F104: C | G104: Módulo 3 - Provisão para Rescisão | I104: =I58 -> 177.01417 | J104: C | K104: Módulo 3 - Provisão para Rescisão | M104: =M58 -> 212.44955 | N104: C | O104: Módulo 3 - Provisão para Rescisão | Q104: =Q58 -> 212.44955
B105: D | C105: Módulo 4 - Custo de Reposição do Profissional Ausente | E105: =E70 -> 69.291872 | F105: D | G105: Módulo 4 - Custo de Reposição do Profissional Ausente | I105: =I70 -> 69.291872 | J105: D | K105: Módulo 4 - Custo de Reposição do Profissional Ausente | M105: =M70 -> 83.055316 | N105: D | O105: Módulo 4 - Custo de Reposição do Profissional Ausente | Q105: =Q70 -> 83.055316
B106: E | C106: Módulo 5 - Insumos Diversos | E106: =E86 -> 13.888889 | F106: E | G106: Módulo 5 - Insumos Diversos | I106: =I86 -> 13.888889 | J106: E | K106: Módulo 5 - Insumos Diversos | M106: =M86 -> 13.888889 | N106: E | O106: Módulo 5 - Insumos Diversos | Q106: =Q86 -> 13.888889
B107: Subtotal (A + B +C+ D+E) | E107: =SUM(E102:E106) -> 4423.1858 | F107: Subtotal (A + B +C+ D+E) | I107: =SUM(I102:I106) -> 4423.1858 | J107: Subtotal (A + B +C+ D+E) | M107: =SUM(M102:M106) -> 5179.3697 | N107: Subtotal (A + B +C+ D+E) | Q107: =SUM(Q102:Q106) -> 5179.3697
B108: F | C108: Módulo 6 – Custos Indiretos, Tributos e Lucro | E108: =E97 -> 1534.5747 | F108: F | G108: Módulo 6 – Custos Indiretos, Tributos e Lucro | I108: =I97 -> 1534.5747 | J108: F | K108: Módulo 6 – Custos Indiretos, Tributos e Lucro | M108: =M97 -> 1796.9242 | N108: F | O108: Módulo 6 – Custos Indiretos, Tributos e Lucro | Q108: =Q97 -> 1796.9242
B109: Valor Total por Empregado | E109: =SUM(E107,E108) -> 5957.7605 | F109: Valor Total por Empregado | I109: =SUM(I107,I108) -> 5957.7605 | J109: Valor Total por Empregado | M109: =SUM(M107,M108) -> 6976.2939 | N109: Valor Total por Empregado | Q109: =SUM(Q107,Q108) -> 6976.2939

Sheet Uniformes e EPIs
B1: PLANILHA DE CUSTOS E FORMAÇÃO DE PREÇO
B2: Nº do Processo:
B4: EPI's e Uniforme | C4: Quantidade | D4: Preço A | E4: Preço B | F4: Preço C | G4: Média | H4: Valor R$ (Média x Quantidade)
B5: ='44H'!E5 -> Servente 44h
B6: LUVA PVC 70cm | C6: 1 | D6: 13.73 | E6: 13.4 | F6: 23.48 | G6: =AVERAGE(D6:F6) -> 16.87 | H6: =G6*C6 -> 16.87
B7: BONÉ | C7: 2 | D7: 16.2 | E7: 19 | F7: 23.55 | G7: =AVERAGE(D7:F7) -> 19.583333 | H7: =G7*C7 -> 39.166667
B8: CRACHÁ DE IDENTIFICAÇÃO | C8: 1 | D8: 4.35 | E8: 6.49 | F8: 8.9 | G8: =AVERAGE(D8:F8) -> 6.58 | H8: =G8*C8 -> 6.58
B9: BOTA PVC CANO LONGO | C9: 1 | D9: 39.89 | E9: 31.1 | F9: 33.32 | G9: =AVERAGE(D9:F9) -> 34.77 | H9: =G9*C9 -> 34.77
B10: TÊNIS OU SAPATO | C10: 2 | D10: 30.87 | E10: 46.16 | F10: 48.76 | G10: =AVERAGE(D10:F10) -> 41.93 | H10: =G10*C10 -> 83.86
B11: CALÇA E CAMISA (UNIFORME OPERACIONAL) | C11: 2 | D11: 58.75 | E11: 60 | F11: 34.37 | G11: =AVERAGE(D11:F11) -> 51.04 | H11: =G11*C11 -> 102.08
B12: CAMISA MALHA MANGA CURTA | C12: 2 | D12: 14.6 | E12: 16.9 | F12: 18.9 | G12: =AVERAGE(D12:F12) -> 16.8 | H12: =G12*C12 -> 33.6
B13: TOTAL | H13: =+SUM(H6:H12) -> 316.92667
B14: VALOR MENSAL | H14: =H13/12 -> 26.410556
B16: ENCARREGADO
C17: Quantidade | D17: Preço A | E17: Preço B | F17: Preço C | G17: Média | H17: Valor R$ (Média x Quantidade)
B18: CAMISA COM GOLA TIPO POLO, EM ALGODÃO, MANGA CURTA, COM GRAVAÇÃO DO EMBLEMA DA EMPRESA | C18: 2 | D18: 37 | E18: 27 | F18: 33 | G18: =AVERAGE(D18:F18) -> 32.333333 | H18: =G18*C18 -> 64.666667
B19: CALÇA COMPRIDA EM TECIDO SARJA | C19: 2 | D19: 48 | E19: 50 | F19: 55 | G19: =AVERAGE(D19:F19) -> 51 | H19: =G19*C19 -> 102
B20: TOTAL | H20: =SUM(H18:H19) -> 166.66667
B21: VALOR MENSAL | H21: =H20/12 -> 13.888889

Sheet Insumos
B1: PLANILHA DE CUSTOS E FORMAÇÃO DE PREÇO | H1: LOTE 1 | J1: PLANILHA DE CUSTOS E FORMAÇÃO DE PREÇO | P1: LOTE 2 | R1: PLANILHA DE CUSTOS E FORMAÇÃO DE PREÇO | X1: LOTE 3 | Z1: PLANILHA DE CUSTOS E FORMAÇÃO DE PREÇO | AF1: LOTE 3
B2: Nº do Processo: | J2: Nº do Processo: | R2: Nº do Processo: | Z2: Nº do Processo:
B4: Insumos | C4: Quant. | D4: Preço A | E4: Preço B | F4: Preço C | G4: Média | H4: Valor R$ (Média x Quantidade) | J4: Insumos | K4: Quant. | L4: Preço A | M4: Preço B | N4: Preço C | O4: Média | P4: Valor R$ (Média x Quantidade) | R4: Insumos | S4: Quant. | T4: Preço A | U4: Preço B | V4: Preço C | W4: Média | X4: Valor R$ (Média x Quantidade) | Z4: Insumos | AA4: Quant. | AB4: Preço A | AC4: Preço B | AD4: Preço C | AE4: Média | AF4: Valor R$ (Média x Quantidade)
B5: ALCOOL LIQUIDO 70 C/ 1L | C5: 432 | D5: 5.1 | E5: 5.3 | F5: 5.34 | G5: =AVERAGE(D5:F5) -> 5.2466667 | H5: =G5*C5 -> 2266.56 | J5: ALCOOL LIQUIDO 70 C/ 1L | K5: 648 | L5: 5.1 | M5: 5.3 | N5: 5.34 | O5: =AVERAGE(L5:N5) -> 5.2466667 | P5: =O5*K5 -> 3399.84 | R5: ALCOOL LIQUIDO 70 C/ 1L | S5: 1632 | T5: 5.1 | U5: 5.3 | V5: 5.34 | W5: =AVERAGE(T5:V5) -> 5.2466667 | X5: =W5*S5 -> 8562.56 | Z5: ALCOOL LIQUIDO 70 C/ 1L | AA5: 1104 | AB5: 5.1 | AC5: 5.3 | AD5: 5.34 | AE5: =AVERAGE(AB5:AD5) -> 5.2466667 | AF5: =AE5*AA5 -> 5792.32
B6: BALDE PLASTICO 10L | C6: 32 | D6: 8.19 | E6: 11.67 | F6: 10.4 | G6: =AVERAGE(D6:F6) -> 10.086667 | H6: =G6*C6 -> 322.77333 | J6: BALDE PLASTICO 10L | K6: 36 | L6: 8.19 | M6: 11.67 | N6: 10.4 | O6: =AVERAGE(L6:N6) -> 10.086667 | P6: =O6*K6 -> 363.12 | R6: BALDE PLASTICO 10L | S6: 104 | T6: 8.19 | U6: 11.67 | V6: 10.4 | W6: =AVERAGE(T6:V6) -> 10.086667 | X6: =W6*S6 -> 1049.0133 | Z6: BALDE PLASTICO 10L | AA6: 40 | AB6: 8.19 | AC6: 11.67 | AD6: 10.4 | AE6: =AVERAGE(AB6:AD6) -> 10.086667 | AF6: =AE6*AA6 -> 403.46667
B7: CREOLINA 750ML | C7: 96 | D7: 15.9 | E7: 16.1 | F7: 10.99 | G7: =AVERAGE(D7:F7) -> 14.33 | H7: =G7*C7 -> 1375.68 | J7: CREOLINA 750ML | K7: 0 | L7: 15.9 | M7: 16.1 | N7: 10.99 | O7: =AVERAGE(L7:N7) -> 14.33 | P7: =O7*K7 -> 0 | R7: CREOLINA 750ML | S7: 24 | T7: 15.9 | U7: 16.1 | V7: 10.99 | W7: =AVERAGE(T7:V7) -> 14.33 | X7: =W7*S7 -> 343.92 | Z7: CREOLINA 750ML | AA7: 48 | AB7: 15.9 | AC7: 16.1 | AD7: 10.99 | AE7: =AVERAGE(AB7:AD7) -> 14.33 | AF7: =AE7*AA7 -> 687.84
B8: DESENTUPIDOR DE PIA | C8: 16 | D8: 3.32 | E8: 2.09 | F8: 4.74 | G8: =AVERAGE(D8:F8) -> 3.3833333 | H8: =G8*C8 -> 54.133333 | J8: DESENTUPIDOR DE PIA | K8: 18 | L8: 3.32 | M8: 2.09 | N8: 4.74 | O8: =AVERAGE(L8:N8) -> 3.3833333 | P8: =O8*K8 -> 60.9 | R8: DESENTUPIDOR DE PIA | S8: 54 | T8: 3.32 | U8: 2.09 | V8: 4.74 | W8: =AVERAGE(T8:V8) -> 3.3833333 | X8: =W8*S8 -> 182.7 | Z8: DESENTUPIDOR DE PIA | AA8: 24 | AB8: 3.32 | AC8: 2.09 | AD8: 4.74 | AE8: =AVERAGE(AB8:AD8) -> 3.3833333 | AF8: =AE8*AA8 -> 81.2
B9: DESENTUPIDOR DE VASO | C9: 16 | D9: 5.63 | E9: 4.86 | F9: 3.9 | G9: =AVERAGE(D9:F9) -> 4.7966667 | H9: =G9*C9 -> 76.746667 | J9: DESENTUPIDOR DE VASO | K9: 18 | L9: 5.63 | M9: 4.86 | N9: 3.9 | O9: =AVERAGE(L9:N9) -> 4.7966667 | P9: =O9*K9 -> 86.34 | R9: DESENTUPIDOR DE VASO | S9: 54 | T9: 5.63 | U9: 4.86 | V9: 3.9 | W9: =AVERAGE(T9:V9) -> 4.7966667 | X9: =W9*S9 -> 259.02 | Z9: DESENTUPIDOR DE VASO | AA9: 24 | AB9: 5.63 | AC9: 4.86 | AD9: 3.9 | AE9: =AVERAGE(AB9:AD9) -> 4.7966667 | AF9: =AE9*AA9 -> 115.12
B10: DESODORIZADOR 360ML | C10: 216 | D10: 11.01 | E10: 8.44 | F10: 7.58 | G10: =AVERAGE(D10:F10) -> 9.01 | H10: =G10*C10 -> 1946.16 | J10: DESODORIZADOR 360ML | K10: 216 | L10: 11.01 | M10: 8.44 | N10: 7.58 | O10: =AVERAGE(L10:N10) -> 9.01 | P10: =O10*K10 -> 1946.16 | R10: DESODORIZADOR 360ML | S10: 648 | T10: 11.01 | U10: 8.44 | V10: 7.58 | W10: =AVERAGE(T10:V10) -> 9.01 | X10: =W10*S10 -> 5838.48 | Z10: DESODORIZADOR 360ML | AA10: 336 | AB10: 11.01 | AC10: 8.44 | AD10: 7.58 | AE10: =AVERAGE(AB10:AD10) -> 9.01 | AF10: =AE10*AA10 -> 3027.36
B11: DETERGENTE 5L | C11: 156 | D11: 11 | E11: 11.45 | F11: 11.1 | G11: =AVERAGE(D11:F11) -> 11.183333 | H11: =G11*C11 -> 1744.6 | J11: DETERGENTE 5L | K11: 192 | L11: 11 | M11: 11.45 | N11: 11.1 | O11: =AVERAGE(L11:N11) -> 11.183333 | P11: =O11*K11 -> 2147.2 | R11: DETERGENTE 5L | S11: 396 | T11: 11 | U11: 11.45 | V11: 11.1 | W11: =AVERAGE(T11:V11) -> 11.183333 | X11: =W11*S11 -> 4428.6 | Z11: DETERGENTE 5L | AA11: 384 | AB11: 11 | AC11: 11.45 | AD11: 11.1 | AE11: =AVERAGE(AB11:AD11) -> 11.183333 | AF11: =AE11*AA11 -> 4294.4
B12: ESPONJA DUPLA FACE | C12: 1044 | D12: 0.45 | E12: 0.54 | F12: 0.4 | G12: =AVERAGE(D12:F12) -> 0.46333333 | H12: =G12*C12 -> 483.72 | J12: ESPONJA DUPLA FACE | K12: 1020 | L12: 0.45 | M12: 0.54 | N12: 0.4 | O12: =AVERAGE(L12:N12) -> 0.46333333 | P12: =O12*K12 -> 472.6 | R12: ESPONJA DUPLA FACE | S12: 2196 | T12: 0.45 | U12: 0.54 | V12: 0.4 | W12: =AVERAGE(T12:V12) -> 0.46333333 | X12: =W12*S12 -> 1017.48 | Z12: ESPONJA DUPLA FACE | AA12: 1320 | AB12: 0.45 | AC12: 0.54 | AD12: 0.4 | AE12: =AVERAGE(AB12:AD12) -> 0.46333333 | AF12: =AE12*AA12 -> 611.6
B13: FLANELA BRANCA G 38X58 | C13: 720 | D13: 1.4 | E13: 2.78 | F13: 1.98 | G13: =AVERAGE(D13:F13) -> 2.0533333 | H13: =G13*C13 -> 1478.4 | J13: FLANELA BRANCA G 38X58 | K13: 1080 | L13: 1.4 | M13: 2.78 | N13: 1.98 | O13: =AVERAGE(L13:N13) -> 2.0533333 | P13: =O13*K13 -> 2217.6 | R13: FLANELA BRANCA G 38X58 | S13: 3096 | T13: 1.4 | U13: 2.78 | V13: 1.98 | W13: =AVERAGE(T13:V13) -> 2.0533333 | X13: =W13*S13 -> 6357.12 | Z13: FLANELA BRANCA G 38X58 | AA13: 1380 | AB13: 1.4 | AC13: 2.78 | AD13: 1.98 | AE13: =AVERAGE(AB13:AD13) -> 2.0533333 | AF13: =AE13*AA13 -> 2833.6
B14: HIPOCLORITO 5% 5L | C14: 228 | D14: 13.4 | E14: 15.87 | F14: 11.3 | G14: =AVERAGE(D14:F14) -> 13.523333 | H14: =G14*C14 -> 3083.32 | J14: HIPOCLORITO 5% 5L | K14: 216 | L14: 13.4 | M14: 15.87 | N14: 11.3 | O14: =AVERAGE(L14:N14) -> 13.523333 | P14: =O14*K14 -> 2921.04 | R14: HIPOCLORITO 5% 5L | S14: 912 | T14: 13.4 | U14: 15.87 | V14: 11.3 | W14: =AVERAGE(T14:V14) -> 13.523333 | X14: =W14*S14 -> 12333.28 | Z14: HIPOCLORITO 5% 5L | AA14: 432 | AB14: 13.4 | AC14: 15.87 | AD14: 11.3 | AE14: =AVERAGE(AB14:AD14) -> 13.523333 | AF14: =AE14*AA14 -> 5842.08
B15: INSETICIDA AEROSOL 300ML | C15: 216 | D15: 10 | E15: 8.41 | F15: 8.01 | G15: =AVERAGE(D15:F15) -> 8.8066667 | H15: =G15*C15 -> 1902.24 | J15: INSETICIDA AEROSOL 300ML | K15: 216 | L15: 10 | M15: 8.41 | N15: 8.01 | O15: =AVERAGE(L15:N15) -> 8.8066667 | P15: =O15*K15 -> 1902.24 | R15: INSETICIDA AEROSOL 300ML | S15: 696 | T15: 10 | U15: 8.41 | V15: 8.01 | W15: =AVERAGE(T15:V15) -> 8.8066667 | X15: =W15*S15 -> 6129.44 | Z15: INSETICIDA AEROSOL 300ML | AA15: 300 | AB15: 10 | AC15: 8.41 | AD15: 8.01 | AE15: =AVERAGE(AB15:AD15) -> 8.8066667 | AF15: =AE15*AA15 -> 2642
B16: LUSTRA MOVEIS LAVANDA 200ML | C16: 132 | D16: 3.63 | E16: 6.95 | F16: 6.59 | G16: =AVERAGE(D16:F16) -> 5.7233333 | H16: =G16*C16 -> 755.48 | J16: LUSTRA MOVEIS LAVANDA 200ML | K16: 132 | L16: 3.63 | M16: 6.95 | N16: 6.59 | O16: =AVERAGE(L16:N16) -> 5.7233333 | P16: =O16*K16 -> 755.48 | R16: LUSTRA MOVEIS LAVANDA 200ML | S16: 444 | T16: 3.63 | U16: 6.95 | V16: 6.59 | W16: =AVERAGE(T16:V16) -> 5.7233333 | X16: =W16*S16 -> 2541.16 | Z16: LUSTRA MOVEIS LAVANDA 200ML | AA16: 228 | AB16: 3.63 | AC16: 6.95 | AD16: 6.59 | AE16: =AVERAGE(AB16:AD16) -> 5.7233333 | AF16: =AE16*AA16 -> 1304.92
... B21: PA DE LIXO COM CABO LONGO PLASTIFICADO | C21: 20 | D21: 4.6 | E21: 5.34 | F21: 3.04 | G21: =AVERAGE(D21:F21) -> 4.3266667 | H21: =G21*C21 -> 86.533333 | J21: PA DE LIXO COM CABO LONGO PLASTIFICADO | K21: 34 | L21: 4.6 | M21: 5.34 | N21: 3.04 | O21: =AVERAGE(L21:N21) -> 4.3266667 | P21: =O21*K21 -> 147.10667 | R21: PA DE LIXO COM CABO LONGO PLASTIFICADO | S21: 56 | T21: 4.6 | U21: 5.34 | V21: 3.04 | W21: =AVERAGE(T21:V21) -> 4.3266667 | X21: =W21*S21 -> 242.29333 | Z21: PA DE LIXO COM CABO LONGO PLASTIFICADO | AA21: 32 | AB21: 4.6 | AC21: 5.34 | AD21: 3.04 | AE21: =AVERAGE(AB21:AD21) -> 4.3266667 | AF21: =AE21*AA21 -> 138.45333
B22: PANO CORTADO GG | C22: 984 | D22: 3.3 | E22: 3.26 | G22: =AVERAGE(D22:F22) -> 3.28 | H22: =G22*C22 -> 3227.52 | J22: PANO CORTADO GG | K22: 1080 | L22: 3.3 | M22: 3.26 | O22: =AVERAGE(L22:N22) -> 3.28 | P22: =O22*K22 -> 3542.4 | R22: PANO CORTADO GG | S22: 3192 | T22: 3.3 | U22: 3.26 | W22: =AVERAGE(T22:V22) -> 3.28 | X22: =W22*S22 -> 10469.76 | Z22: PANO CORTADO GG | AA22: 1392 | AB22: 3.3 | AC22: 3.26 | AE22: =AVERAGE(AB22:AD22) -> 3.28 | AF22: =AE22*AA22 -> 4565.76
B23: PANO MULTIUSO TIPO PERFEX ROLO COM 50 PANOS | C23: 84 | D23: 10 | E23: 10.9 | F23: 12.99 | G23: =AVERAGE(D23:F23) -> 11.296667 | H23: =G23*C23 -> 948.92 | J23: PANO MULTIUSO TIPO PERFEX ROLO COM 50 PANOS | K23: 84 | L23: 10 | M23: 10.9 | N23: 12.99 | O23: =AVERAGE(L23:N23) -> 11.296667 | P23: =O23*K23 -> 948.92 | R23: PANO MULTIUSO TIPO PERFEX ROLO COM 50 PANOS | S23: 252 | T23: 10 | U23: 10.9 | V23: 12.99 | W23: =AVERAGE(T23:V23) -> 11.296667 | X23: =W23*S23 -> 2846.76 | Z23: PANO MULTIUSO TIPO PERFEX ROLO COM 50 PANOS | AA23: 120 | AB23: 10 | AC23: 10.9 | AD23: 12.99 | AE23: =AVERAGE(AB23:AD23) -> 11.296667 | AF23: =AE23*AA23 -> 1355.6
B24: PAPEL HIG. 10X30 BR LX C/ 64 | C24: 96 | D24: 33.7 | E24: 46.7 | F24: 34.79 | G24: =AVERAGE(D24:F24) -> 38.396667 | H24: =G24*C24 -> 3686.08 | J24: PAPEL HIG. 10X30 BR LX C/ 64 | K24: 180 | L24: 33.7 | M24: 46.7 | N24: 34.79 | O24: =AVERAGE(L24:N24) -> 38.396667 | P24: =O24*K24 -> 6911.4 | R24: PAPEL HIG. 10X30 BR LX C/ 64 | S24: 348 | T24: 33.7 | U24: 46.7 | V24: 34.79 | W24: =AVERAGE(T24:V24) -> 38.396667 | X24: =W24*S24 -> 13362.04 | Z24: PAPEL HIG. 10X30 BR LX C/ 64 | AA24: 204 | AB24: 33.7 | AC24: 46.7 | AD24: 34.79 | AE24: =AVERAGE(AB24:AD24) -> 38.396667 | AF24: =AE24*AA24 -> 7832.92
B25: PAPEL TOALHA INTERF. C/1000 FD VIRGEM BRANCO | C25: 1860 | D25: 13 | E25: 12.94 | F25: 11.16 | G25: =AVERAGE(D25:F25) -> 12.366667 | H25: =G25*C25 -> 23002 | J25: PAPEL TOALHA INTERF. C/1000 FD VIRGEM BRANCO | K25: 12 | L25: 13 | M25: 12.94 | N25: 11.16 | O25: =AVERAGE(L25:N25) -> 12.366667 | P25: =O25*K25 -> 148.4 | R25: PAPEL TOALHA INTERF. C/1000 FD VIRGEM BRANCO | S25: 7272 | T25: 13 | U25: 12.94 | V25: 11.16 | W25: =AVERAGE(T25:V25) -> 12.366667 | X25: =W25*S25 -> 89930.4 | Z25: PAPEL TOALHA INTERF. C/1000 FD VIRGEM BRANCO | AA25: 2352 | AB25: 13 | AC25: 12.94 | AD25: 11.16 | AE25: =AVERAGE(AB25:AD25) -> 12.366667 | AF25: =AE25*AA25 -> 29086.4
B26: PEDRA SANITARIA MISTA 40GR | C26: 600 | D26: 1.4 | E26: 1.56 | F26: 1.15 | G26: =AVERAGE(D26:F26) -> 1.37 | H26: =G26*C26 -> 822 | J26: PEDRA SANITARIA MISTA 40GR | K26: 1920 | L26: 1.4 | M26: 1.56 | N26: 1.15 | O26: =AVERAGE(L26:N26) -> 1.37 | P26: =O26*K26 -> 2630.4 | R26: PEDRA SANITARIA MISTA 40GR | S26: 1800 | T26: 1.4 | U26: 1.56 | V26: 1.15 | W26: =AVERAGE(T26:V26) -> 1.37 | X26: =W26*S26 -> 2466 | Z26: PEDRA SANITARIA MISTA 40GR | AA26: 1920 | AB26: 1.4 | AC26: 1.56 | AD26: 1.15 | AE26: =AVERAGE(AB26:AD26) -> 1.37 | AF26: =AE26*AA26 -> 2630.4
B27: PULVERIZADOR SPRAY 500ML | C27: 4 | D27: 6.35 | E27: 9.5 | F27: 7.19 | G27: =AVERAGE(D27:F27) -> 7.68 | H27: =G27*C27 -> 30.72 | J27: PULVERIZADOR SPRAY 500ML | K27: 0 | L27: 6.35 | M27: 9.5 | N27: 7.19 | O27: =AVERAGE(L27:N27) -> 7.68 | P27: =O27*K27 -> 0 | R27: PULVERIZADOR SPRAY 500ML | S27: 32 | T27: 6.35 | U27: 9.5 | V27: 7.19 | W27: =AVERAGE(T27:V27) -> 7.68 | X27: =W27*S27 -> 245.76 | Z27: PULVERIZADOR SPRAY 500ML | AA27: 16 | AB27: 6.35 | AC27: 9.5 | AD27: 7.19 | AE27: =AVERAGE(AB27:AD27) -> 7.68 | AF27: =AE27*AA27 -> 122.88
B28: RODO DE LIMPAR VIDRO | C28: 0 | D28: 8.31 | E28: 9.9 | F28: 8.7 | G28: =AVERAGE(D28:F28) -> 8.97 | H28: =G28*C28 -> 0 | J28: RODO DE LIMPAR VIDRO | K28: 12 | L28: 8.31 | M28: 9.9 | N28: 8.7 | O28: =AVERAGE(L28:N28) -> 8.97 | P28: =O28*K28 -> 107.64 | R28: RODO DE LIMPAR VIDRO | S28: 0 | T28: 8.31 | U28: 9.9 | V28: 8.7 | W28: =AVERAGE(T28:V28) -> 8.97 | X28: =W28*S28 -> 0 | Z28: RODO DE LIMPAR VIDRO | AA28: 6 | AB28: 8.31 | AC28: 9.9 | AD28: 8.7 | AE28: =AVERAGE(AB28:AD28) -> 8.97 | AF28: =AE28*AA28 -> 53.82
B29: RODO DE PLASTICO 60CM C/ CABO | C29: 8 | D29: 6.5 | E29: 5.6 | F29: 7.81 | G29: =AVERAGE(D29:F29) -> 6.6366667 | H29: =G29*C29 -> 53.093333 | J29: RODO DE PLASTICO 60CM C/ CABO | K29: 32 | L29: 6.5 | M29: 5.6 | N29: 7.81 | O29: =AVERAGE(L29:N29) -> 6.6366667 | P29: =O29*K29 -> 212.37333 | R29: RODO DE PLASTICO 60CM C/ CABO | S29: 32 | T29: 6.5 | U29: 5.6 | V29: 7.81 | W29: =AVERAGE(T29:V29) -> 6.6366667 | X29: =W29*S29 -> 212.37333 | Z29: RODO DE PLASTICO 60CM C/ CABO | AA29: 40 | AB29: 6.5 | AC29: 5.6 | AD29: 7.81 | AE29: =AVERAGE(AB29:AD29) -> 6.6366667 | AF29: =AE29*AA29 -> 265.46667
B30: SABAO EM PO 1KG | C30: 120 | D30: 12.7 | E30: 9.74 | F30: 9.99 | G30: =AVERAGE(D30:F30) -> 10.81 | H30: =G30*C30 -> 1297.2 | J30: SABAO EM PO 1KG | K30: 132 | L30: 12.7 | M30: 9.74 | N30: 9.99 | O30: =AVERAGE(L30:N30) -> 10.81 | P30: =O30*K30 -> 1426.92 | R30: SABAO EM PO 1KG | S30: 384 | T30: 12.7 | U30: 9.74 | V30: 9.99 | W30: =AVERAGE(T30:V30) -> 10.81 | X30: =W30*S30 -> 4151.04 | Z30: SABAO EM PO 1KG | AA30: 120 | AB30: 12.7 | AC30: 9.74 | AD30: 9.99 | AE30: =AVERAGE(AB30:AD30) -> 10.81 | AF30: =AE30*AA30 -> 1297.2
B31: SABONETE LIQUIDO 5L | C31: 204 | D31: 11.43 | E31: 12 | F31: 9.86 | G31: =AVERAGE(D31:F31) -> 11.096667 | H31: =G31*C31 -> 2263.72 | J31: SABONETE LIQUIDO 5L | K31: 216 | L31: 11.43 | M31: 12 | N31: 9.86 | O31: =AVERAGE(L31:N31) -> 11.096667 | P31: =O31*K31 -> 2396.88 | R31: SABONETE LIQUIDO 5L | S31: 744 | T31: 11.43 | U31: 12 | V31: 9.86 | W31: =AVERAGE(T31:V31) -> 11.096667 | X31: =W31*S31 -> 8255.92 | Z31: SABONETE LIQUIDO 5L | AA31: 336 | AB31: 11.43 | AC31: 12 | AD31: 9.86 | AE31: =AVERAGE(AB31:AD31) -> 11.096667 | AF31: =AE31*AA31 -> 3728.48
B32: SACO P/ LIXO PRETO 100L C/ 100UN | C32: 168 | D32: 33.48 | E32: 39.99 | F32: 33.9 | G32: =AVERAGE(D32:F32) -> 35.79 | H32: =G32*C32 -> 6012.72 | J32: SACO P/ LIXO PRETO 100L C/ 100UN | K32: 132 | L32: 33.48 | M32: 39.99 | N32: 33.9 | O32: =AVERAGE(L32:N32) -> 35.79 | P32: =O32*K32 -> 4724.28 | R32: SACO P/ LIXO PRETO 100L C/ 100UN | S32: 432 | T32: 33.48 | U32: 39.99 | V32: 33.9 | W32: =AVERAGE(T32:V32) -> 35.79 | X32: =W32*S32 -> 15461.28 | Z32: SACO P/ LIXO PRETO 100L C/ 100UN | AA32: 216 | AB32: 33.48 | AC32: 39.99 | AD32: 33.9 | AE32: =AVERAGE(AB32:AD32) -> 35.79 | AF32: =AE32*AA32 -> 7730.64
B33: SACO P/ LIXO PRETO 200L C/ 100UN | C33: 84 | D33: 42.88 | E33: 39.98 | F33: 26.5 | G33: =AVERAGE(D33:F33) -> 36.453333 | H33: =G33*C33 -> 3062.08 | J33: SACO P/ LIXO PRETO 200L C/ 100UN | K33: 108 | L33: 42.88 | M33: 39.98 | N33: 26.5 | O33: =AVERAGE(L33:N33) -> 36.453333 | P33: =O33*K33 -> 3936.96 | R33: SACO P/ LIXO PRETO 200L C/ 100UN | S33: 360 | T33: 42.88 | U33: 39.98 | V33: 26.5 | W33: =AVERAGE(T33:V33) -> 36.453333 | X33: =W33*S33 -> 13123.2 | Z33: SACO P/ LIXO PRETO 200L C/ 100UN | AA33: 228 | AB33: 42.88 | AC33: 39.98 | AD33: 26.5 | AE33: =AVERAGE(AB33:AD33) -> 36.453333 | AF33: =AE33*AA33 -> 8311.36
B34: SACO P/ LIXO PRETO 40L C/ 100UN | C34: 96 | D34: 8 | E34: 8.78 | F34: 9.9 | G34: =AVERAGE(D34:F34) -> 8.8933333 | H34: =G34*C34 -> 853.76 | J34: SACO P/ LIXO PRETO 40L C/ 100UN | K34: 192 | L34: 8 | M34: 8.78 | N34: 9.9 | O34: =AVERAGE(L34:N34) -> 8.8933333 | P34: =O34*K34 -> 1707.52 | R34: SACO P/ LIXO PRETO 40L C/ 100UN | S34: 384 | T34: 8 | U34: 8.78 | V34: 9.9 | W34: =AVERAGE(T34:V34) -> 8.8933333 | X34: =W34*S34 -> 3415.04 | Z34: SACO P/ LIXO PRETO 40L C/ 100UN | AA34: 312 | AB34: 8 | AC34: 8.78 | AD34: 9.9 | AE34: =AVERAGE(AB34:AD34) -> 8.8933333 | AF34: =AE34*AA34 -> 2774.72
... B39: VASSOURA TIPO NOVICA COM CABO PLASTIFICADO | C39: 20 | D39: 5.95 | E39: 5.85 | F39: 8 | G39: =AVERAGE(D39:F39) -> 6.6 | H39: =G39*C39 -> 132 | J39: VASSOURA TIPO NOVICA COM CABO PLASTIFICADO | K39: 34 | L39: 5.95 | M39: 5.85 | N39: 8 | O39: =AVERAGE(L39:N39) -> 6.6 | P39: =O39*K39 -> 224.4 | R39: VASSOURA TIPO NOVICA COM CABO PLASTIFICADO | S39: 62 | T39: 5.95 | U39: 5.85 | V39: 8 | W39: =AVERAGE(T39:V39) -> 6.6 | X39: =W39*S39 -> 409.2 | Z39: VASSOURA TIPO NOVICA COM CABO PLASTIFICADO | AA39: 40 | AB39: 5.95 | AC39: 5.85 | AD39: 8 | AE39: =AVERAGE(AB39:AD39) -> 6.6 | AF39: =AE39*AA39 -> 264
B40: TOTAL | H40: =SUM(H5:H39) -> 73479.647 | J40: TOTAL | P40: =SUM(P5:P39) -> 59175.053 | R40: TOTAL | X40: =SUM(X5:X39) -> 255559.16 | Z40: TOTAL | AF40: =SUM(AF5:AF39) -> 120612.82
B41: Valor do material por funcionário | H41: =H40/Áreas!E9 -> 7347.9647 | J41: Valor do material por funcionário | P41: =P40/Áreas!J9 -> 8453.579 | R41: Valor do material por funcionário | X41: =X40/Áreas!O9 -> 8812.3848 | Z41: Valor do material por funcionário | AF41: =AF40/Áreas!T9 -> 7094.8718
B42: Valor do material por funcionário por mês | H42: =H41/12 -> 612.33039 | J42: Valor do material por funcionário por mês | P42: =P41/12 -> 704.46492 | R42: Valor do material por funcionário por mês | X42: =X41/12 -> 734.3654 | Z42: Valor do material por funcionário por mês | AF42: =AF41/12 -> 591.23931

Sheet Áreas
B1: PLANILHA DE CUSTOS E FORMAÇÃO DE PREÇO | E1: ='44H'!D1 -> LOTE 1 | G1: PLANILHA DE CUSTOS E FORMAÇÃO DE PREÇO | J1: LOTE 2 | L1: PLANILHA DE CUSTOS E FORMAÇÃO DE PREÇO | O1: LOTE 3 | Q1: PLANILHA DE CUSTOS E FORMAÇÃO DE PREÇO | T1: LOTE 4
B2: Nº do Processo: | G2: Nº do Processo: | L2: Nº do Processo: | Q2: Nº do Processo:
B4: LOTE 1 | G4: LOTE 2 | L4: LOTE 3 | Q4: LOTE 4
B5: TIPO DE ÁREA | C5: ÁREA (M²) (A) | D5: Produtividade TR (B) | E5: Quantidade estimada de funcionários (Produt./M²)( A / B = C) | G5: TIPO DE ÁREA | H5: ÁREA (M²) (A) | I5: Produtividade TR (B) | J5: Quantidade estimada de funcionários (Produt./M²)( A / B = C) | L5: TIPO DE ÁREA | M5: ÁREA (M²) (A) | N5: Produtividade TR (B) | O5: Quantidade estimada de funcionários (Produt./M²)( A / B = C) | Q5: TIPO DE ÁREA | R5: ÁREA (M²) (A) | S5: Produtividade TR (B) | T5: Quantidade estimada de funcionários (Produt./M²)( A / B = C)
B6: I - Área Interna | C6: 4142.81 | D6: 800 | E6: =C6/D6 -> 5.1785125 | G6: I - Área Interna | H6: 3127.58 | I6: 800 | J6: =H6/I6 -> 3.909475 | L6: I - Área Interna | M6: 11796.53 | N6: 800 | O6: =M6/N6 -> 14.745663 | Q6: I - Área Interna | R6: 7662.57 | S6: 800 | T6: =R6/S6 -> 9.5782125
B7: II - Área Insalubre | C7: 416.63 | D7: 200 | E7: =C7/D7 -> 2.08315 | G7: II - Área Insalubre | H7: 296.94 | I7: 200 | J7: =H7/I7 -> 1.4847 | L7: II - Área Insalubre | M7: 1243.99 | N7: 200 | O7: =M7/N7 -> 6.21995 | Q7: II - Área Insalubre | R7: 683.02 | S7: 200 | T7: =R7/S7 -> 3.4151
B8: III - Área Externa | C8: 4641.93 | D8: 1800 | E8: =C8/D8 -> 2.57885 | G8: III - Área Externa | H8: 3517.48 | I8: 1800 | J8: =H8/I8 -> 1.9541556 | L8: III - Área Externa | M8: 14888.31 | N8: 1800 | O8: =M8/N8 -> 8.2712833 | Q8: III - Área Externa | R8: 7191.54 | S8: 1800 | T8: =R8/S8 -> 3.9953
B9: TOTAL | E9: =ROUND(E6+E7+E8,0) -> 10 | G9: TOTAL | J9: =ROUND(J6+J7+J8,0) -> 7 | L9: TOTAL | O9: =ROUND(O6+O7+O8,0) -> 29 | Q9: TOTAL | T9: =ROUND(T6+T7+T8,0) -> 17

Sheet Resultado
B1: PLANILHA DE CUSTOS E FORMAÇÃO DE PREÇO | G1: PLANILHA DE CUSTOS E FORMAÇÃO DE PREÇO | J1: LOTE 2 | L1: PLANILHA DE CUSTOS E FORMAÇÃO DE PREÇO | O1: LOTE 3 | Q1: PLANILHA DE CUSTOS E FORMAÇÃO DE PREÇO | T1: LOTE 4
B2: =#REF! -> #REF! | G2: =#REF! -> #REF! | L2: =#REF! -> #REF! | Q2: =#REF! -> #REF!
B4: LOTE 1 | G4: LOTE 2 | L4: LOTE 3 | Q4: LOTE 4
B5: MÃO DE OBRA | C5: (1) PRODUTIVIDADE (1/M²) | D5: (2) PREÇO HOMEM-MÊS (R$) | E5: (1X2) SUBTOTAL (R$/M²) | G5: MÃO DE OBRA | H5: (1) PRODUTIVIDADE (1/M²) | I5: (2) PREÇO HOMEM-MÊS (R$) | J5: (1X2) SUBTOTAL (R$/M²) | L5: MÃO DE OBRA | M5: (1) PRODUTIVIDADE (1/M²) | N5: (2) PREÇO HOMEM-MÊS (R$) | O5: (1X2) SUBTOTAL (R$/M²) | Q5: MÃO DE OBRA | R5: (1) PRODUTIVIDADE (1/M²) | S5: (2) PREÇO HOMEM-MÊS (R$) | T5: (1X2) SUBTOTAL (R$/M²)
B6: ÁREA INTERNA | G6: ÁREA INTERNA | L6: ÁREA INTERNA | Q6: ÁREA INTERNA
C7: =Áreas!D6 -> 800 | H7: =Áreas!I6 -> 800 | M7: =Áreas!N6 -> 800 | R7: =Áreas!S6 -> 800
B8: SERVENTE | C8: =1/C7 -> 0.00125 | D8: ='44H'!E102 -> 5820.1119 | E8: =D8*C8 -> 7.2751398 | G8: SERVENTE | H8: =1/H7 -> 0.00125 | I8: ='44H+40%'!$I$108 -> 7574.1914 | J8: =I8*H8 -> 9.4677392 | L8: SERVENTE | M8: =1/M7 -> 0.00125 | N8: ='44H'!M102 -> 5984.4856 | O8: =N8*M8 -> 7.4806069 | Q8: SERVENTE | R8: =1/R7 -> 0.00125 | S8: ='44H'!Q102 -> 5791.7035 | T8: =S8*R8 -> 7.2396293
B9: ENCARREGADO | C9: =1/(Áreas!E9*C7) -> 0.000125 | D9: =Encarregado!E109 -> 5957.7605 | E9: =D9*C9 -> 0.74472006 | G9: ENCARREGADO | H9: =1/(Áreas!$J$9*H7) -> 0.00017857143 | I9: =Encarregado!I109 -> 5957.7605 | J9: =I9*H9 -> 1.0638858 | L9: ENCARREGADO | M9: =1/(M7*Áreas!$O$9) -> 4.3103448e-05 | N9: =Encarregado!M109 -> 6976.2939 | O9: =N9*M9 -> 0.30070232 | Q9: ENCARREGADO | R9: =1/(R7*Áreas!$T$9) -> 7.3529412e-05 | S9: =Encarregado!Q109 -> 6976.2939 | T9: =S9*R9 -> 0.51296279
B10: TOTAL ÁREA INTERNA | E10: =SUM(E8:E9) -> 8.0198599 | G10: TOTAL ÁREA INTERNA | J10: =SUM(J8:J9) -> 10.531625 | L10: TOTAL ÁREA INTERNA | O10: =SUM(O8:O9) -> 7.7813093 | Q10: TOTAL ÁREA INTERNA | T10: =SUM(T8:T9) -> 7.7525921
B12: ÁREA INTERNA INSALUBRE | G12: ÁREA INTERNA INSALUBRE | L12: ÁREA INTERNA INSALUBRE | Q12: ÁREA INTERNA INSALUBRE
C13: =Áreas!D7 -> 200 | H13: =Áreas!I7 -> 200 | M13: =Áreas!N7 -> 200 | R13: =Áreas!S7 -> 200
B14: SERVENTE | C14: =1/C13 -> 0.005 | D14: ='44H+40%'!E108 -> 7449.9596 | E14: =D14*C14 -> 37.249798 | G14: SERVENTE | H14: =1/H13 -> 0.005 | I14: ='44H+40%'!$I$108 -> 7574.1914 | J14: =I14*H14 -> 37.870957 | L14: SERVENTE | M14: =1/M13 -> 0.005 | N14: ='44H+40%'!M108 -> 7614.4655 | O14: =N14*M14 -> 38.072327 | Q14: SERVENTE | R14: =1/R13 -> 0.005 | S14: ='44H+40%'!Q108 -> 7421.6834 | T14: =S14*R14 -> 37.108417
B15: ENCARREGADO | C15: =1/(Áreas!E9*C13) -> 0.0005 | D15: =Encarregado!E109 -> 5957.7605 | E15: =D15*C15 -> 2.9788802 | G15: ENCARREGADO | H15: =1/(Áreas!$J$9*H13) -> 0.00071428571 | I15: =Encarregado!I109 -> 5957.7605 | J15: =I15*H15 -> 4.2555432 | L15: ENCARREGADO | M15: =1/(M13*Áreas!$O$9) -> 0.00017241379 | N15: =N9 -> 6976.2939 | O15: =N15*M15 -> 1.2028093 | Q15: ENCARREGADO | R15: =1/(R13*Áreas!$T$9) -> 0.00029411765 | S15: =Encarregado!Q109 -> 6976.2939 | T15: =S15*R15 -> 2.0518511
B16: TOTAL ÁREA INTERNA | E16: =E14+E15 -> 40.228678 | G16: TOTAL ÁREA INTERNA | J16: =J14+J15 -> 42.1265 | L16: TOTAL ÁREA INTERNA | O16: =O14+O15 -> 39.275137 | Q16: TOTAL ÁREA INTERNA | T16: =T14+T15 -> 39.160268
B18: ÁREA EXTERNA | G18: ÁREA EXTERNA | L18: ÁREA EXTERNA | Q18: ÁREA EXTERNA
C19: =Áreas!D8 -> 1800 | H19: =Áreas!I8 -> 1800 | M19: =Áreas!N8 -> 1800 | R19: =Áreas!S8 -> 1800
B20: SERVENTE | C20: =1/C19 -> 0.00055555556 | D20: ='44H'!E102 -> 5820.1119 | E20: =D20*C20 -> 3.2333955 | G20: SERVENTE | H20: =1/H19 -> 0.00055555556 | I20: =I14 -> 7574.1914 | J20: =I20*H20 -> 4.2078841 | L20: SERVENTE | M20: =1/M19 -> 0.00055555556 | N20: ='44H'!M102 -> 5984.4856 | O20: =N20*M20 -> 3.3247142 | Q20: SERVENTE | R20: =1/R19 -> 0.00055555556 | S20: ='44H'!Q102 -> 5791.7035 | T20: =S20*R20 -> 3.217613
B21: ENCARREGADO | C21: =1/(Áreas!E9*C19) -> 5.5555556e-05 | D21: =Encarregado!E109 -> 5957.7605 | E21: =D21*C21 -> 0.33098669 | G21: ENCARREGADO | H21: =1/(Áreas!$J$9*H19) -> 7.9365079e-05 | I21: =I15 -> 5957.7605 | J21: =I21*H21 -> 0.47283813 | L21: ENCARREGADO | M21: =1/(M19*Áreas!$O$9) -> 1.9157088e-05 | N21: =Encarregado!M109 -> 6976.2939 | O21: =N21*M21 -> 0.13364548 | Q21: ENCARREGADO | R21: =1/(R19*Áreas!$T$9) -> 3.2679739e-05 | S21: =Encarregado!Q109 -> 6976.2939 | T21: =S21*R21 -> 0.22798346
B22: TOTAL ÁREA EXTERNA | E22: =E20+E21 -> 3.5643822 | G22: TOTAL ÁREA EXTERNA | J22: =J20+J21 -> 4.6807222 | L22: TOTAL ÁREA EXTERNA | O22: =O20+O21 -> 3.4583597 | Q22: TOTAL ÁREA EXTERNA | T22: =T20+T21 -> 3.4455965
B24: TOTAL | G24: TOTAL | L24: TOTAL | Q24: TOTAL
